 Dungeon Crawl Stone Soup version 0.23-a0-586-gacb4b3f (webtiles) character file.

1069185 riellis the Ninja (level 27, -15/423 (438) HPs)
             Began as a Naga Berserker on Dec 18, 2018.
             Was the Champion of Trog.
             Killed from afar by an iron dragon (27 damage)
             ... with a spray of metal splinters
             ... on level 7 of the Iron City of Dis on Dec 19, 2018.
             The game lasted 07:28:11 (105897 turns).

riellis the Ninja (Naga Berserker)                Turns: 105897, Time: 07:28:12

HP:   -15/423 (438) AC: 46    Str: 24    XL:     27
MP:   28/32         EV: 25    Int:  9    God:    Trog [******]
Gold: 6891          SH: 32    Dex: 25    Spells: 26/26 levels left

rFire    + + +     SeeInvis +   b - +12 Maxwell's thermic engine {flame, freeze}
rCold    + + +     Gourm    .   t - +3 large shield {rF+}
rNeg     + + +     Faith    .   J - +9 ice dragon scales
rPois    +         Spirit   .   V - +0 helmet of Hoig {rElec rCorr Str-2 Slay+4 SInv}
rElec    +         Reflect  +   A - +0 cloak of the Exiled Friends {rPois rF++ rC++}
rCorr    +         Harm     .   l - +0 pair of gloves "Ziw Husm" {Dex+2 Slay+3}
MR       +++++     Clarity  +   R - +0 naga barding of the Storm King {*Drain +Blink rF+ rCorr}
Stlth    ..........             Y - +5 amulet of reflection
HPRegen  1.80/turn              S - ring of Omuzohol {rN+ MR+ Int+2 Stlth+}
MPRegen  0.23/turn              C - ring "Qatad" {rPois rN+++ Int-3 Dex+3 SInv}

@: berserking (expiring), regenerating, quick
A: large, see invisible, clarity, deformed body, deterioration 1, fire
resistance 1, poison resistance, slowness 2, slow metabolism 1, spit poison 1,
MP-powered wands, constrict 1, AC +9
}: 9/15 runes: serpentine, barnacled, slimy, silver, golden, obsidian, icy,
bone, abyssal
a: Spit Poison, Berserk, Trog's Hand, Brothers in Arms, Renounce Religion, Evoke
Blink


You were on level 7 of the Iron City of Dis.
You worshipped Trog.
Trog was exalted by your worship.
You were not hungry.

You visited 16 branches of the dungeon, and saw 80 of its levels.
You visited the Abyss 2 times.
You also visited: Gauntlet, Volcano and Desolation.

You collected 11712 gold pieces.
You spent 4821 gold pieces at shops.

Inventory:

Hand Weapons
 a - a +9 quick blade of holy wrath
 b - the +12 Maxwell's thermic engine (weapon) {flame, freeze}
   (You bought it in a shop on level 1 of the Snake Pit)

   It has been specially enchanted to burn those struck by it, causing extra
   injury to most foes and up to half again as much damage against particularly
   susceptible opponents.
   Big, fiery blades are also staple armaments of hydra-hunters.
 m - a +3 antimagic double sword
 q - the +7 captain's cutlass {speed, disarm}
   (Trog gifted it to you on level 15 of the Dungeon)

   Attacks with this weapon are significantly faster.
 v - a +5 rapier of electrocution
 U - a +9 antimagic rapier
Missiles
 d - 44 poisoned javelins (quivered)
 r - 17 throwing nets
Armour
 g - a +0 troll leather armour
 l - the +0 pair of gloves "Ziw Husm" (worn) {Dex+2 Slay+3}
   (You acquired it on level 5 of the Vaults)

   It affects your dexterity (+2).
   It affects your accuracy and damage with ranged weapons and melee attacks
   (+3).
 t - a +3 large shield of fire resistance (worn)
 A - the +0 cloak of the Exiled Friends (worn) {rPois rF++ rC++}
   (You acquired it on level 5 of the Vaults)

   It greatly protects you from fire.
   It greatly protects you from cold.
   It protects you from poison.
 J - +9 ice dragon scales (worn)
 R - the +0 naga barding of the Storm King (worn) {*Drain +Blink rF+ rCorr}
   (You found it on level 3 of the Depths)

   It protects you from fire.
   It lets you blink.
   It provides partial protection from all sources of acid and corrosion.
   It causes draining when unequipped.
 V - the +0 helmet of Hoig (worn) {rElec rCorr Str-2 Slay+4 SInv}
   (You found it on level 3 of the Elven Halls)

   It affects your strength (-2).
   It affects your accuracy and damage with ranged weapons and melee attacks
   (+4).
   It insulates you from electricity.
   It lets you see invisible.
   It provides partial protection from all sources of acid and corrosion.
Jewellery
 C - the ring "Qatad" (right hand) {rPois rN+++ Int-3 Dex+3 SInv}
   (You found it in the Desolation of Salt)

   [ring of see invisible]

   It affects your intelligence (-3).
   It affects your dexterity (+3).
   It protects you from poison.
   It renders you almost immune to negative energy.
   It lets you see invisible.
 S - the ring of Omuzohol (left hand) {rN+ MR+ Int+2 Stlth+}
   (You found it on level 2 of the Shoals)

   [ring of protection from magic]

   It affects your intelligence (+2).
   It protects you from negative energy.
   It affects your resistance to hostile enchantments.
   It makes you more stealthy.
 Y - a +5 amulet of reflection (around neck)
Wands
 k - a wand of clouds (4)
 z - a wand of digging (14)
 H - a wand of paralysis (17)
 K - a wand of enslavement (8)
 W - a wand of acid (23)
 Z - a wand of disintegration (71)
Scrolls
 h - 24 scrolls of teleportation
 j - a scroll of blinking
 n - 14 scrolls of fog
 s - 22 scrolls of remove curse
 x - 6 scrolls of identify
 E - 3 scrolls of holy word
 F - 5 scrolls of fear
 G - 3 scrolls of magic mapping
 I - 2 scrolls of summoning
 O - a scroll of silence
Potions
 f - 4 potions of cancellation
 i - 18 potions of curing
 u - 3 potions of flight
 w - 8 potions of might
 D - 4 potions of mutation
 N - 6 potions of magic
 P - 10 potions of agility
 Q - 6 potions of resistance
 T - 2 potions of haste
Miscellaneous
 e - a lamp of fire
 o - a figurine of a ziggurat
 p - a fan of gales
 y - 7 boxes of beasts
 L - 4 phantom mirrors
 M - the horn of Geryon
 X - 8 sacks of spiders
Comestibles
 c - 60 rations


   Skills:
 + Level 25.9 Fighting
 - Level 9.9(17.7) Short Blades
 + Level 22.6(23.2) Long Blades
   Level 5.0 Axes
 - Level 5.0 Throwing
 + Level 23.3 Armour
 + Level 22.4 Dodging
 O Level 27 Stealth
 + Level 20.5 Shields
 - Level 12.0 Evocations


You had 26 spell levels left.
You didn't know any spells.
Your spell library contained the following spells:

 Spells                   Type           Power        Failure   Level  Hunger
 Animate Skeleton         Necr           N/A          56%         1    ##.....
 Apportation              Tloc           #.....       56%         1    ##.....
 Beastly Appendage        Tmut           #.....       56%         1    ##.....
 Confusing Touch          Hex            #.....       56%         1    ##.....
 Infusion                 Chrm           #...         56%         1    ##.....
 Magic Dart               Conj           #...         56%         1    ##.....
 Pain                     Necr           #...         56%         1    ##.....
 Sandblast                Erth           #.....       56%         1    ##.....
 Summon Butterflies       Summ           #.......     56%         1    ##.....
 Summon Small Mammal      Summ           #...         56%         1    ##.....
 Blink                    Tloc           N/A          71%         2    ###....
 Call Imp                 Summ           #.......     71%         2    ###....
 Corpse Rot               Necr           N/A          71%         2    ###....
 Ensorcelled Hibernation  Hex/Ice        #.....       71%         2    ###....
 Passwall                 Tmut/Erth      #.......     71%         2    ###....
 Poisonous Vapours        Pois/Air       #.....       71%         2    ###....
 Slow                     Hex            #.......     71%         2    ###....
 Sticks to Snakes         Tmut           #.......     71%         2    ###....
 Sublimation of Blood     Necr           #.........   71%         2    ###....
 Swiftness                Chrm/Air       #.......     71%         2    ###....
 Call Canine Familiar     Summ           #.......     91%         3    ####...
 Confuse                  Hex            #.......     91%         3    ####...
 Conjure Flame            Conj/Fire      #.......     91%         3    ####...
 Gell's Gravitas          Tloc           #.........   91%         3    ####...
 Ignite Poison            Fire/Tmut/Pois #.......     91%         3    ####...
 Lesser Beckoning         Tloc           #.........   91%         3    ####...
 Mephitic Cloud           Conj/Pois/Air  #.......     91%         3    ####...
 Ozocubu's Armour         Chrm/Ice       #.......     91%         3    ####...
 Portal Projectile        Hex/Tloc       #.....       91%         3    ####...
 Recall                   Summ/Tloc      N/A          91%         3    ####...
 Regeneration             Chrm/Necr      #.........   91%         3    ####...
 Spider Form              Tmut/Pois      #.........   91%         3    ####...
 Static Discharge         Conj/Air       #.......     91%         3    ####...
 Stone Arrow              Conj/Erth      #.....       91%         3    ####...
 Summon Guardian Golem    Hex/Summ       #.......     91%         3    ####...
 Teleport Other           Tloc           #.......     91%         3    ####...
 Vampiric Draining        Necr           #.........   91%         3    ####...
 Airstrike                Air            #.........   100%        4    #####..
 Animate Dead             Necr           N/A          100%        4    #####..
 Cause Fear               Hex            #.........   100%        4    #####..
 Force Lance              Conj/Tloc      #.......     100%        4    #####..
 Fulminant Prism          Conj/Hex       #.........   100%        4    #####..
 Ice Form                 Ice/Tmut       #.......     100%        4    #####..
 Passage of Golubria      Tloc           N/A          100%        4    #####..
 Petrify                  Tmut/Erth      #.......     100%        4    #####..
 Summon Ice Beast         Ice/Summ       #.......     100%        4    #####..
 Summon Lightning Spire   Summ/Air       #.......     100%        4    #####..
 Agony                    Necr           #.......     100%        5    ######.
 Alistair's Intoxication  Tmut/Pois      #.......     100%        5    ######.
 Aura of Abjuration       Summ           #.........   100%        5    ######.
 Blade Hands              Tmut           #.........   100%        5    ######.
 Bolt of Draining         Conj/Necr      #.........   100%        5    ######.
 Bolt of Magma            Conj/Fire/Erth #.........   100%        5    ######.
 Borgnjor's Vile Clutch   Necr/Erth      #.........   100%        5    ######.
 Dispel Undead            Necr           #.......     100%        5    ######.
 Excruciating Wounds      Chrm/Necr      #.........   100%        5    ######.
 Fireball                 Conj/Fire      #.........   100%        5    ######.
 Irradiate                Conj/Tmut      #.........   100%        5    ######.
 Iskenderun's Battlesphe  Conj/Chrm      #.......     100%        5    ######.
 Lee's Rapid Deconstruct  Erth           #.........   100%        5    ######.
 Lightning Bolt           Conj/Air       #.........   100%        5    ######.
 Metabolic Englaciation   Hex/Ice        #.........   100%        5    ######.
 Silence                  Hex/Air        #.........   100%        5    ######.
 Summon Demon             Summ           #.........   100%        5    ######.
 Summon Forest            Summ/Tloc      #.........   100%        5    ######.
 Summon Mana Viper        Hex/Summ       #.......     100%        5    ######.
 Venom Bolt               Conj/Pois      #.........   100%        5    ######.
 Yara's Violent Unravell  Hex/Tmut       #.........   100%        5    ######.
 Bolt of Fire             Conj/Fire      #.........   100%        6    #######
 Darkness                 Hex            #.........   100%        6    #######
 Deflect Missiles         Chrm/Air       #.........   100%        6    #######
 Dispersal                Tloc           #.........   100%        6    #######
 Freezing Cloud           Conj/Ice/Air   #.........   100%        6    #######
 Invisibility             Hex            #.......     100%        6    #######
 Iron Shot                Conj/Erth      #.........   100%        6    #######
 Poison Arrow             Conj/Pois      #.........   100%        6    #######
 Shadow Creatures         Summ           N/A          100%        6    #######
 Statue Form              Tmut/Erth      #........    100%        6    #######
 Orb of Destruction       Conj           #.........   100%        7    #######
 Ring of Flames           Chrm/Fire      #.........   100%        7    #######
 Spellforged Servitor     Conj/Summ      #.........   100%        7    #######
 Summon Hydra             Summ           #.........   100%        7    #######
 Chain Lightning          Conj/Air       #.........   100%        8    #######
 Controlled Blink         Tloc           N/A          100%        8    #######
 Discord                  Hex            #.........   100%        8    #######
 Disjunction              Tloc           #.........   100%        8    #######
 Ignition                 Fire           #.........   100%        8    #######
 Lehudib's Crystal Spear  Conj/Erth      #.........   100%        8    #######
 Fire Storm               Conj/Fire      #.........   100%        9    #######
 Glaciate                 Conj/Ice       #.........   100%        9    #######
 Shatter                  Erth           #.........   100%        9    #######
 Tornado                  Air            #.........   100%        9    #######


Dungeon Overview and Level Annotations

Branches:
Dungeon (15/15)            Temple (0/1) D:7            Lair (6/6) D:11
 Shoals (4/4) Lair:2        Snake (4/4) Lair:2        Slime (5/5) Lair:5
    Orc (2/2) D:11            Elf (3/3) Orc:2        Vaults (5/5) D:13
  Crypt (3/3) Vaults:2       Tomb (3/3) Crypt:3      Depths (5/5) D:15
   Hell (1/1)                 Dis (7/7) Hell            Geh (7/7) Hell
    Coc (7/7) Hell            Tar (7/7) Hell            Zot (0/5) Depths:5

Altars:
Dithmenos
Elyvilon
Fedhas
Kikubaaqudgha
Makhleb
Nemelex Xobeh
Ru
Sif Muna
Trog
Uskayaw
Vehumet
Wu Jian
Xom
Yredelemnul
Zin
The Shining One
Beogh
Jiyva

Shops:
D:4 %(!   D:10 =   Orc:2 [:(*   Shoals:4 *   Snake:1 (   Vaults:4 [
Depths:4 }==

Portals:
Hell: Depths:1 Depths:2 Depths:3 Depths:4 Depths:5
Abyss: Depths:4
Pandemonium: Depths:1 Depths:3
Ziggurat: Depths:2

Annotations:
Elf:2 3 runed doors, Alex's ghost, journeyman MiFi; TheMeInTeam's ghost, adept KoCj


Innate Abilities, Weirdness & Mutations

You cannot wear boots.
Your serpentine skin is tough. (AC +9)
You have supernaturally acute eyesight. (SInv)
Armour fits poorly on your strangely shaped body.
Your system is resistant to poisons. (rPois)
You cover ground very slowly.
You have a slow metabolism.
You can spit poison.
You can use your snake-like lower body to constrict enemies.
You possess an exceptional clarity of mind.
Your body sometimes deteriorates upon taking damage.
Your flesh is heat resistant. (rF+)
You expend magic power (3 MP) to strengthen your wands.


Message History

The golden dragon zombie barely misses you.
You block the golden dragon zombie's attack.
The iron dragon breathes metal splinters at you.
The spray of metal splinters hits you!
An iron imp comes into view.
You hear a deafening roar!
You slash the Hell Sentinel!
The Hell Sentinel is heavily wounded.
The reaper whispers, "Time's up, riellis!"
You feel a strong urge to attack something.
The Hell Sentinel gestures at you.
The sphere of damnation explodes!
The damnation engulfs you!
* * * LOW HITPOINT WARNING * * *
The damnation engulfs the Hell Sentinel.
The Hell Sentinel completely resists.
The iron giant points at you and mumbles some strange words.
The harpoon shot misses you.
The iron dragon breathes metal splinters at you.
The spray of metal splinters hits you!
You die...

...÷()........................**,
.....................†........***
........####...#######........,**
.....###########...[†').......,**
...###**#..###*#...).#........,,*
..#***,,......##.....#........,,*
##**,,,,.......#'#####........,,,
,,,*,,,,.........##*,.........,,,
,,,*,,,,........@.##*.........,,,
,,,*,,,,.....2.1...###........,,,
****,,,,.5.....Z.)..###.......,,,
,,,,,,,,.#####.).(...#*,,,,,**+**
,,,,,,,,,*,,,#...CD.##***,,,*,,,*
,,,,,,,,,*...'......#,,,',,,*,,,*
,,,,,,,,,*...#......#,,,*,,,*****
,,,,,,,,,#$$$#......#,,,**,,,,,,,
,,,,,,,,,#..,#......#*****,,,,,,,


You could see an iron giant, a Hell Sentinel, an iron dragon, a reaper, an iron
imp and a golden dragon zombie.

Vanquished Creatures
  Antaeus (Coc:7)
  Asmodeus (Geh:7)
  the Royal Jelly (Slime:5)
  Ereshkigal (Tar:7)
  the Serpent of Hell (Geh:7)
  An ancient lich (Tar:7)
  4 juggernauts
  12 greater mummies
  Boris (Tomb:2)
  Sojobo (Crypt:3)
  Saint Roka (Orc:2)
  22 shard shrikes
  A caustic shrike (Depths:5)
  Bai Suzhen (Crypt:3)
  Geryon (Hell)
  Nikola (Elf:2)
  The ghost of Bidatih the Peltast, an adept MiBe of Trog (Vaults:1)
  The ghost of Nibeov the Devastator, a veteran GrEE of Lugonu (Crypt:1)
  6 golden dragons
  8 bone dragons
  6 Tzitzimimeh (Tar:7)
  43 Brimstone Fiends
  2 doom hounds (Tar:7)
  An iron giant (Dis:7)
  16 liches
  5 Hell Sentinels (Dis:7)
  17 Ice Fiends
  Rupert (Lair:4)
  11 tentacled monstrosities
  3 deep elf blademasters (Elf:3)
  2 quicksilver dragons
  2 deep elf master archers (Elf:3)
  An acid blob (shapeshifter) (Depths:5)
  5 titans
  An Executioner (Dis:7)
  16 acid blobs
  A kraken (Shoals:1)
  3 eldritch tentacles
  13 ancient champions
  8 tengu reavers
  6 storm dragons
  20 sphinxes
  8 shadow dragons
  19 nagarajas
  11 tentacled starspawn
  5 revenants
  Roxanne (Elf:2)
  Donald (Crypt:2)
  11 fire giants
  7 azure jellies
  10 deep elf sorcerers
  A draconian knight (Depths:5)
  Louise (Elf:3)
  11 iron dragons
  A ghost moth (shapeshifter) (Vaults:5)
  14 balrugs
  17 vault wardens
  An orc warlord (Orc:1)
  A curse skull (Crypt:3)
  3 imperial myrmidons (Desolation)
  5 cacodemons
  3 ghouls (Crypt:2)
  9 deep elf elementalists
  14 frost giants
  A spriggan defender (Depths:2)
  48 very ugly things
  40 reapers
  4 elemental wellsprings
  16 ironheart preservers
  12 war gargoyles
  A draconian annihilator (Depths:5)
  An entropy weaver (Vaults:3)
  17 stone giants
  4 vampire knights
  2 lorocyprocas
  2 grey draconians (Depths:5)
  13 deep elf demonologists
  7 bennus
  2 red draconians (Depths:5)
  2 black draconians (Depths:5)
  A minotaur (Gauntlet)
  Azrael (Elf:2)
  8 deep elf annihilators
  6 dire elephants (Lair:6)
  8 spark wasps
  2 yellow draconians (Depths:5)
  A halazid warlock (Desolation)
  18 blizzard demons
  17 ettins
  5 merfolk javelineers
  The ghost of Sharkman1231 the Protected, a journeyman DsWn of Ashenzari (D:14)
  3 crystal guardians (Desolation)
  4 death oozes
  5 eidola
  6 quicksilver dragon zombies
  30 mummy priests
  16 fire dragons
  13 deep elf high priests
  8 merfolk impalers
  11 deep elf death magi
  Erolcha (D:11)
  8 jiangshi
  A kraken zombie (Coc:7)
  7 ragged hierophants (Desolation)
  17 yaktaur captains
  5 servants of whispers (Desolation)
  15 great orbs of eyes
  7 peacekeepers
  33 vault guards
  3 quicksilver dragon skeletons
  6 hydras
  26 naga warriors
  24 ice dragons
  4 rakshasas
  A hell beast (Dis:7)
  6 spriggan air magi
  5 merfolk avatars
  9 ogre magi
  22 two-headed ogres
  A two-headed ogre (shapeshifter) (Vaults:5)
  3 death knights
  16 centaur warriors
  6 merfolk aquamancers
  6 anacondas
  21 tengu warriors
  39 death scarabs
  17 deep troll shamans
  2 death yaks (Lair:6)
  A satyr (Shoals:2)
  46 hell hogs
  22 dancing weapons
  13 naga sharpshooters
  16 deep troll earth magi
  9 thrashing horrors
  2 orc high priests
  11 spriggan berserkers
  6 shock serpents
  7 vampire magi
  10 titan zombies
  29 deep elf knights
  A shock serpent (shapeshifter) (Vaults:1)
  11 soul eaters
  7 storm dragon zombies
  2 iron golems
  7 shadow wraiths
  4 titan skeletons
  A death drake (shapeshifter) (Vaults:4)
  6 wretched stars
  14 iron trolls
  19 sun demons
  3 sixfirhies
  3 spatial maelstroms (Abyss:3)
  A fire crab (Lair:4)
  4 storm dragon skeletons
  4 salamander mystics
  A fire crab (shapeshifter) (Vaults:2)
  38 hell knights
  An unseen horror (shapeshifter) (Abyss:3)
  5 unseen horrors
  4 ghost moth zombies
  A spark wasp zombie (Crypt:3)
  81 skeletal warriors
  A torturous demonspawn (Depths:1)
  13 sea snakes
  An entropy weaver zombie (Crypt:3)
  9 anaconda zombies
  3 golden dragon zombies
  10 naga ritualists
  A sea snake (shapeshifter) (Vaults:1)
  A swamp dragon (Abyss:3)
  7 glowing orange brains
  50 deep trolls
  6 shadow demons
  3 golden dragon skeletons
  2 lindwurms (Depths:1)
  2 quicksilver dragon simulacra (Depths:3)
  18 flayed ghosts
  14 ironbrand convokers
  A lindwurm (shapeshifter) (Depths:2)
  24 harpies
  A kraken simulacrum (Hell)
  5 wolf spider zombies
  15 deep elf archers
  13 phantasmal warriors
  19 orc knights
  9 iron dragon zombies
  4 stone giant zombies
  8 wizards
  7 anaconda skeletons
  8 orc sorcerers
  5 wolf spiders
  48 ugly things
  6 mana vipers
  A shining eye (shapeshifter) (Depths:2)
  4 shadow dragon zombies
  2 worldbinders (Abyss:3)
  6 frost giant zombies
  3 fauns (Shoals:2)
  A cyclops (shapeshifter) (Vaults:1)
  15 manticores
  2 shadow dragon skeletons
  69 deep elf magi
  15 necromancers
  9 shining eyes
  A manticore (shapeshifter) (Vaults:1)
  2 human zombies
  19 cyclopes
  4 fire giant zombies
  An elephant (shapeshifter) (Vaults:1)
  10 elephants (Lair:6)
  3 fire giant skeletons
  A moth of wrath (shapeshifter) (Depths:1)
  22 rust devils
  6 dire elephant zombies
  A shock serpent zombie (Coc:7)
  5 merfolk sirens
  8 stone giant skeletons
  17 salamanders
  A guardian serpent (shapeshifter) (Gauntlet)
  13 naga magi
  4 apocalypse crabs (Abyss:3)
  7 iron dragon skeletons
  2 torpor snails
  12 vault sentinels
  An ice statue (Depths:3)
  7 spiny frogs
  7 frost giant skeletons
  11 molten gargoyles
  16 guardian serpents
  8 smoke demons
  3 dire elephant skeletons
  41 black mambas
  6 water nymphs
  4 gargoyles
  A black draconian zombie (Crypt:2)
  2 eyes of devastation
  19 large abominations
  8 orange demons
  2 emperor scorpion zombies
  A shock serpent skeleton (Dis:1)
  The ghost of charlessucks the Shield-Bearer, a novice OpWn of Makhleb (D:5)
  5 kobold demonologists
  6 efreet
  22 hellions
  4 komodo dragons
  55 yaktaurs
  25 tormentors
  2 hellwings
  4 tengu conjurers
  59 guardian mummies
  35 freezing wraiths
  A white draconian skeleton (Crypt:2)
  An anaconda simulacrum (Hell)
  4 queen bees (shapeshifter)
  A rime drake (shapeshifter) (Vaults:3)
  36 red devils
  A silent spectre (Tar:3)
  5 ancient zymes (Abyss:3)
  23 small abominations
  14 hydra zombies
  35 ice devils
  A polar bear (Lair:5)
  6 harpy zombies
  10 trolls
  4 meliai (shapeshifter)
  A troll (shapeshifter) (Vaults:1)
  A purple draconian skeleton (Crypt:3)
  A jumping spider (shapeshifter) (Depths:3)
  24 merfolk
  3 harpy skeletons
  56 saltlings
  A wind drake (shapeshifter) (Vaults:3)
  7 wind drakes
  10 blink frogs
  A hornet (shapeshifter) (Vaults:5)
  8 hornets
  A blink frog (shapeshifter) (Depths:3)
  2 shadow dragon simulacra
  5 alligator zombies
  15 raiju
  A death drake skeleton (Crypt:3)
  A fire giant simulacrum (Abyss:3)
  25 dream sheep
  A hydra skeleton (Hell)
  A raiju (shapeshifter) (Gauntlet)
  64 slime creatures
  A stone giant simulacrum (Coc:7)
  11 snapping turtles
  11 hippogriffs
  5 fire dragon zombies
  124 flying skulls
  A hippogriff (shapeshifter) (Depths:5)
  A frost giant simulacrum (Crypt:2)
  2 alligator skeletons
  The ghost of miscthings the Digger, an amateur OpEE (D:3)
  8 ynoxinuls
  2 air elementals
  6 wyverns
  6 ettin zombies
  8 ice dragon zombies
  A spriggan (shapeshifter) (Vaults:1)
  3 black mamba zombies
  3 fire dragon skeletons
  39 shadows
  2 tarantellas (shapeshifter)
  10 ettin skeletons
  2 ice dragon skeletons
  2 vampires (D:11)
  A redback (Vaults:3)
  3 spriggans
  3 hogs (D:8)
  40 wraiths
  49 yaks
  12 ushabtiu
  A fire bat (shapeshifter) (Abyss:1)
  2 fire bats (Volcano)
  A human (D:8)
  2 humans (shapeshifter) (D:15)
  A yak (shapeshifter) (Vaults:5)
  4 black mamba skeletons
  14 water elementals
  A golden eye (shapeshifter) (Depths:2)
  4 spatial vortices (Abyss:3)
  4 chaos spawn (Abyss:3)
  A neqoxec (Abyss:3)
  44 fire elementals
  7 golden eyes
  A steam dragon (Lair:4)
  4 vampire mosquitoes
  A deep troll zombie (Vaults:5)
  3 hungry ghosts
  5 wargs
  85 nagas
  15 water moccasins
  A merfolk zombie (Geh:7)
  5 acid dragons
  A water moccasin (shapeshifter) (Vaults:5)
  3 hydra simulacra
  A floating eye (Depths:4)
  55 hell hounds
  10 porcupines
  5 spiny frog zombies
  A swamp drake (shapeshifter) (Vaults:5)
  A manticore zombie (Crypt:3)
  11 ice beasts
  50 orc warriors
  6 spiny frog skeletons
  5 ettin simulacra (Depths:3)
  2 black bears (shapeshifter)
  7 eyes of draining
  6 black bears
  2 swamp dragon zombies
  34 ogres
  4 phantoms
  9 necrophages
  A sky beast (D:7)
  An alligator simulacrum (Coc:3)
  A fire dragon simulacrum (Abyss:1)
  An ice dragon simulacrum (Coc:7)
  42 starcursed masses (Abyss:3)
  3 boggarts (Vaults:3)
  An ogre (shapeshifter) (Depths:4)
  2 snapping turtle zombies
  5 wolves (Lair:2)
  28 centaurs
  A swamp dragon skeleton (Tomb:3)
  A blink frog skeleton (Crypt:2)
  2 snapping turtle skeletons
  3 manticore skeletons
  5 crocodiles
  Blork the orc (D:5)
  4 big kobolds
  16 bullfrogs
  2 elf skeletons
  3 earth elementals
  A spiny frog simulacrum (Coc:6)
  A hornet simulacrum (Vaults:1)
  A yak zombie (Crypt:3)
  A warg zombie (Crypt:1)
  A wyvern skeleton (D:10)
  5 scorpions
  A warg skeleton (Crypt:1)
  A spriggan zombie (Geh:1)
  A snapping turtle simulacrum (Coc:7)
  A troll zombie (Geh:6)
  56 killer bees
  30 wights
  A polar bear zombie (Crypt:3)
  A wolf zombie (Crypt:2)
  2 spriggan skeletons (Geh:1)
  3 howler monkeys (D:9)
  An electric eel (Snake:3)
  13 crimson imps
  7 lava snakes (Volcano)
  3 quasits
  5 centaur zombies
  34 orc wizards
  9 hounds
  8 jellies
  A basilisk zombie (Crypt:1)
  16 orc priests
  4 bullfrog skeletons
  8 centaur skeletons
  4 iguanas
  15 iron imps
  A basilisk skeleton (Crypt:3)
  6 worker ants
  A worker ant (shapeshifter) (Depths:2)
  A felid zombie (Crypt:1)
  An ogre zombie (Geh:7)
  2 naga skeletons
  An ogre skeleton (Crypt:2)
  44 mummies
  A hound zombie (D:6)
  A hound skeleton (D:11)
  A worker ant zombie (D:9)
  A howler monkey skeleton (D:8)
  A gnoll (shapeshifter) (Gauntlet)
  7 gnolls
  9 adders
  A river rat (D:5)
  17 shadow imps
  13 white imps
  7 ufetubi
  An ooze (D:1)
  An adder skeleton (D:7)
  A halfling skeleton (Crypt:1)
  4 worms
  A worm (shapeshifter) (Vaults:1)
  A dart slug (shapeshifter) (Vaults:5)
  5 dart slugs
  5 leopard geckos
  104 orcs
  10 ball pythons
  7 bats
  4 giant cockroaches
  5 hobgoblins
  14 jackals
  5 quokkas
  A ball python zombie (Crypt:1)
  7 frilled lizards
  10 goblins
  27 kobolds
  A leopard gecko skeleton (Crypt:3)
  A leopard gecko zombie (Crypt:2)
  An orc skeleton (Geh:2)
  12 rats
  2 rat skeletons
  A crawling corpse (Elf:3)
  3 plants (Lair:6)
  9 starspawn tentacles
  6 tentacles
4246 creatures vanquished.

Vanquished Creatures (collateral kills)
  A Tzitzimitl (Tar:7)
  A Brimstone Fiend (Geh:7)
  2 tentacled monstrosities (Vaults:5)
  An Ice Fiend (Coc:7)
  A quicksilver dragon (Dis:7)
  An acid blob (Slime:5)
  A tengu reaver (Vaults:5)
  A deep elf sorcerer (Depths:5)
  A vault warden (Vaults:5)
  An iron dragon (Dis:7)
  A deep elf elementalist (Elf:3)
  A reaper (Coc:6)
  2 ironheart preservers (Vaults:5)
  A very ugly thing (Vaults:5)
  A bennu (Tomb:3)
  A spark wasp (shapeshifter) (Vaults:5)
  An ettin (Depths:4)
  2 merfolk javelineers (Shoals:4)
  2 vault guards (Vaults:5)
  A naga warrior (Snake:1)
  A hydra (Lair:6)
  An alligator snapping turtle (Shoals:2)
  A merfolk avatar (Shoals:4)
  3 merfolk aquamancers
  3 deep troll earth magi
  A deep troll shaman (Depths:4)
  A naga sharpshooter (Snake:4)
  A spriggan berserker (Depths:3)
  A deep elf knight (Elf:3)
  A skeletal warrior (Tomb:3)
  A sea snake (Shoals:4)
  4 deep trolls
  2 anaconda zombies (Coc:6)
  2 orc knights
  A phantasmal warrior (Vaults:5)
  A shadow dragon skeleton (Coc:6)
  2 large abominations (Abyss:3)
  2 manticores
  2 fauns (Shoals:2)
  A cyclops (Shoals:4)
  3 merfolk sirens (Shoals:2)
  A black mamba (Snake:1)
  3 naga magi
  3 water nymphs
  3 guardian mummies (Tomb:3)
  An ice devil (Dis:7)
  2 red devils (Geh:6)
  A troll (Orc:2)
  5 merfolk
  A hydra skeleton (Coc:6)
  A harpy skeleton (Coc:6)
  A hornet (Vaults:3)
  A blink frog (Abyss:3)
  A snapping turtle (Shoals:4)
  A wind drake (Shoals:4)
  A spriggan (shapeshifter) (Vaults:5)
  4 water elementals (Shoals:2)
  4 nagas (Snake:4)
  2 orc warriors
  2 spiny frog zombies (Coc:6)
  A necrophage (Tar:7)
  An alligator simulacrum (Coc:6)
  3 starcursed masses (Abyss:3)
  A mummy (Tomb:3)
  An orc (Orc:2)
104 creatures vanquished.

Vanquished Creatures (others)
  An iron giant (Dis:7)
  3 eldritch tentacles
  A sphinx (Tomb:1)
  2 elemental wellsprings (Coc:3)
  A blizzard demon (Coc:7)
  2 centaur warriors
  7 death scarabs (Tomb:2)
  A hell hog (Geh:1)
  A sun demon (Geh:7)
  A ghost moth zombie (Geh:6)
  A golden dragon zombie (Geh:7)
  A spatial maelstrom (Depths:4)
  A wolf spider zombie (Geh:6)
  An anaconda skeleton (Hell)
  A phantasmal warrior (Vaults:5)
  2 deep elf magi (Elf:2)
  A guardian serpent (Desolation)
  2 large abominations (Abyss:3)
  5 yaktaurs (Depths:5)
  A red devil (Geh:7)
  A demonic crawler (Hell)
  2 guardian mummies (Crypt:3)
  A saltling (Desolation)
  An ice dragon skeleton (Geh:7)
  4 flying skulls
  A fire elemental (Geh:7)
  A wraith (Geh:2)
  2 water elementals (Coc:7)
  A naga (Depths:1)
  A hell hound (Dis:7)
  A spiny frog zombie (Geh:6)
  An orc warrior (Vaults:5)
  An ice beast (Coc:6)
  A boggart (Vaults:3)
  2 orc wizards
  3 orcs (Vaults:5)
  A ball python (Depths:1)
  A kobold zombie (Geh:6)
  A crawling corpse (Depths:5)
  6 demonic plants (Gauntlet)
  17 fungi
  2 lurking horrors (Abyss:3)
  14 plants
  26 starspawn tentacles
  15 tentacles
  6 withered plants (Elf:2)
149 creatures vanquished.

Grand Total: 4499 creatures vanquished

Notes
Turn   | Place    | Note
-------+----------+-------------------------------------------
     0 | D:1      | riellis the Naga Berserker began the quest for the Orb.
     0 | D:1      | Reached XP level 1. HP: 21/21 MP: 1/1
   314 | D:1      | Reached XP level 2. HP: 20/28 MP: 2/2
   814 | D:1      | Reached XP level 3. HP: 32/34 MP: 3/3
  1117 | D:1      | Reached ** piety under Trog
  1384 | D:2      | Reached XP level 4. HP: 13/42 MP: 4/4
  1638 | D:2      | Found a bloodstained altar of Trog.
  2603 | D:3      | Reached XP level 5. HP: 48/49 MP: 5/5
  2733 | D:3      | Found a runed gate.
  2734 | D:3      | Found a runed gate.
  2816 | D:3      | Found a runed gate.
  2822 | D:3      | Noticed miscthings's ghost (amateur OpEE)
  3278 | D:3      | Found a sparkling altar of Nemelex Xobeh.
  3280 | D:3      | Found a white marble altar of Elyvilon.
  3284 | D:3      | Found a shadowy altar of Dithmenos.
  3286 | D:3      | Found a shimmering altar of Xom.
  3286 | D:3      | Found a hide-covered altar of Uskayaw.
  3289 | D:3      | Found a sacrificial altar of Ru.
  3291 | D:3      | Found a radiant altar of Vehumet.
  3292 | D:3      | Found an ornate altar of the Wu Jian Council.
  3583 | D:4      | Noticed a phantom
  3617 | D:4      | Found Gucwuhaa's Distillery.
  3634 | D:4      | Killed a phantom
  3634 | D:4      | Reached XP level 6. HP: 23/57 MP: 6/6
  3659 | D:4      | Bought a potion of haste for 120 gold pieces
  4055 | D:4      | Found Moshiwk's Antique Weapon Boutique.
  4326 | D:4      | Reached skill level 5 in Axes
  4396 | D:4      | Found Cuakirre's Food Emporium.
  4539 | D:5      | Entered Level 5 of the Dungeon
  4586 | D:5      | Reached *** piety under Trog
  4589 | D:5      | Noticed an orc warrior
  4621 | D:5      | Killed an orc warrior
  4621 | D:5      | Reached skill level 1 in Short Blades
  4621 | D:5      | Reached XP level 7. HP: 8/66 MP: 7/7
  4963 | D:5      | Noticed Blork the orc
  4980 | D:5      | Killed Blork the orc
  5119 | D:5      | Got a bloodstained cloak
  5125 | D:5      | Identified the +3 cloak of Birdsong {rC+} (You found it on
                  | level 5 of the Dungeon)
  5522 | D:5      | Found a runed door.
  5522 | D:5      | Noticed charlessucks's ghost (novice OpWn)
  5540 | D:5      | Killed charlessucks's ghost
  5540 | D:5      | Reached skill level 5 in Fighting
  5540 | D:5      | Reached XP level 8. HP: 74/74 MP: 8/8
  5548 | D:5      | Found a runed door.
  7069 | D:7      | Found an ancient bone altar of Kikubaaqudgha.
  7069 | D:7      | Found a glowing golden altar of the Shining One.
  7170 | D:7      | Reached skill level 1 in Long Blades
  7697 | D:7      | Reached XP level 9. HP: 60/82 MP: 9/9
  8176 | D:7      | Found a staircase to the Ecumenical Temple.
  8512 | D:8      | Found a blossoming altar of Fedhas.
  8568 | D:8      | Reached skill level 1 in Shields
  8801 | D:8      | Reached skill level 5 in Long Blades
  9258 | D:9      | Reached XP level 10. HP: 79/94 MP: 10/10
  9763 | D:9      | Reached skill level 5 in Armour
  9770 | D:9      | Reached skill level 5 in Dodging
 10248 | D:9      | Reached **** piety under Trog
 10326 | D:9      | Got a twisted short sword
 10327 | D:9      | Identified the cursed +2 short sword of Joemiss {protect,
                  | MR+ Int+2} (You found it on level 9 of the Dungeon)
 10556 | D:10     | Entered Level 10 of the Dungeon
 10956 | D:10     | Found a sacrificial altar of Ru.
 11019 | D:10     | Noticed a red ugly thing
 11030 | D:10     | Killed a red ugly thing
 11438 | D:10     | Found Koffa's Jewellery Emporium.
 11839 | D:4      | Bought a crystal double sword for 460 gold pieces
 11839 | D:4      | Identified the cursed +1 double sword "Viczioto" {venom,
                  | rN+ Str-3 Int+8} (You bought it in a shop on level 4 of the
                  | Dungeon)
 11900 | D:3      | Killed miscthings's ghost
 12087 | D:11     | Noticed Erolcha
 12099 | D:11     | Noticed a gargoyle
 12100 | D:11     | Killed Erolcha
 12100 | D:11     | Reached XP level 11. HP: 104/104 MP: 11/11
 12430 | D:11     | Received a gift from Trog
 13295 | D:11     | Found a staircase to the Orcish Mines.
 13399 | D:11     | Found a staircase to the Lair.
 13594 | D:11     | Identified a scroll of acquirement
 13749 | D:11     | Upgraded the game from 0.23-a0-584-g44dd78f to
                  | 0.23-a0-586-gacb4b3f
 14182 | D:11     | Reached skill level 10 in Long Blades
 14231 | D:12     | Noticed a centaur warrior
 14232 | D:12     | Noticed a centaur warrior
 14432 | D:12     | Noticed a white ugly thing
 14432 | D:12     | Noticed a tengu warrior
 14432 | D:12     | Noticed a wolf spider
 14679 | D:12     | Killed a wolf spider
 14855 | D:12     | Noticed a manticore
 14862 | D:12     | Killed a manticore
 14894 | D:12     | Killed a centaur warrior
 14894 | D:12     | Reached XP level 12. HP: 72/115 MP: 12/12
 14987 | D:12     | Killed a tengu warrior
 15017 | D:12     | Noticed an eight-headed hydra
 15038 | D:12     | Killed an eight-headed hydra
 15207 | D:12     | Killed a centaur warrior
 16063 | D:12     | Reached skill level 10 in Fighting
 16283 | Lair:1   | Entered Level 1 of the Lair of Beasts
 16580 | Lair:1   | Reached ***** piety under Trog
 17441 | Lair:2   | Found a staircase to the Shoals.
 17444 | Lair:2   | Gained mutation: You can use your snake-like lower body to
                  | constrict enemies. [Naga growth]
 17444 | Lair:2   | Reached XP level 13. HP: 90/123 MP: 13/13
 17444 | Lair:2   | Reached skill level 5 in Shields
 17582 | Lair:2   | Found a staircase to the Snake Pit.
 17709 | Lair:2   | Found a dark tunnel.
 17714 | Volcano  | Entered a volcano
 18067 | Volcano  | Found a bloodstained altar of Trog.
 18423 | Volcano  | Noticed a stone giant
 18442 | Volcano  | Killed a stone giant
 18802 | Volcano  | Got a pair of faintly glowing boots
 19200 | Lair:3   | Identified the +2 chain mail of True Grit {rF- Int+3
                  | Stlth+} (You found it on level 3 of the Lair of Beasts)
 19467 | Lair:3   | Found a gate leading to a gauntlet.
 19480 | Gauntlet | Entered a Gauntlet
 19480 | Gauntlet | Found a transporter.
 19480 | Gauntlet | Found a transporter.
 19484 | Gauntlet | Noticed a green death
 19486 | Gauntlet | Found a transporter.
 19489 | Gauntlet | Found a transporter.
 19489 | Gauntlet | Found a transporter.
 19502 | Gauntlet | Found a transporter.
 19508 | Gauntlet | Found a transporter.
 19514 | Gauntlet | Found a transporter.
 19515 | Gauntlet | Found a transporter.
 19539 | Gauntlet | Found a transporter.
 19541 | Gauntlet | Found a transporter.
 19633 | Gauntlet | Found a transporter.
 19724 | Gauntlet | Identified the +6 short sword of the Present {drain, +Inv
                  | rC++ Str-2 Int+9} (You found it in a Gauntlet)
 19983 | Gauntlet | Noticed a minotaur
 20000 | Gauntlet | Killed a minotaur
 20243 | Gauntlet | Identified Nosar's Disquisition on Boosts
 21429 | Lair:4   | Received a gift from Trog
 21803 | Lair:4   | Noticed Rupert
 21817 | Lair:4   | Killed Rupert
 21817 | Lair:4   | Reached XP level 14. HP: 132/132 MP: 14/14
 22573 | Lair:5   | Identified the +0 chain mail of the Midnight Sun {rF+ rC+}
                  | (You found it on level 5 of the Lair of Beasts)
 22985 | Lair:5   | Found a staircase to the Slime Pits.
 23184 | Lair:6   | Entered Level 6 of the Lair of Beasts
 23275 | Lair:5   | Reached skill level 15 in Long Blades
 23450 | Lair:6   | Received a gift from Trog
 24457 | Lair:6   | Noticed a dire elephant
 24458 | Lair:6   | Noticed a dire elephant
 24458 | Lair:6   | Noticed a dire elephant
 24480 | Lair:6   | Killed a dire elephant
 24490 | Lair:6   | Killed a dire elephant
 24497 | Lair:6   | Killed a dire elephant
 24510 | Lair:6   | Got a distressingly furry scale mail
 24521 | Lair:6   | Identified the +1 scale mail of Xuexaf {*Slow rElec rF+
                  | MR+} (You found it on level 6 of the Lair of Beasts)
 24599 | Lair:6   | Noticed a dire elephant
 24626 | Lair:6   | Killed a dire elephant
 24682 | Lair:6   | Noticed a dire elephant
 24715 | Lair:6   | Killed a dire elephant
 24715 | Lair:6   | Reached XP level 15. HP: 82/140 MP: 15/15
 25121 | Orc:1    | Entered Level 1 of the Orcish Mines
 25145 | Orc:1    | Found Moqoes's Antique Weapon Boutique.
 25292 | Orc:2    | Entered Level 2 of the Orcish Mines
 25297 | Orc:2    | Received a gift from Trog
 25431 | Orc:1    | Noticed an orc warlord
 25453 | Orc:1    | Killed an orc warlord
 25686 | Orc:2    | Found a staircase to the Elven Halls.
 26033 | Orc:2    | Noticed Saint Roka
 26061 | Orc:2    | Killed Saint Roka
 26386 | Orc:2    | Found a roughly hewn altar of Beogh.
 26406 | Orc:2    | Found Avugiew's Book Shop.
 26553 | Orc:2    | Received a gift from Trog
 26612 | Orc:2    | Found a roughly hewn altar of Beogh.
 26930 | Orc:2    | Found Jemaf's General Store.
 26945 | Orc:2    | Found Qeuxzom's Antique Weapon Shop.
 26961 | Orc:2    | Found Pularud Jank's Antique Armour Shop.
 27076 | Orc:2    | Bought a phantom mirror for 450 gold pieces
 27076 | Orc:2    | Bought a scroll of blinking for 112 gold pieces
 27139 | D:10     | Bought an uncursed amulet of faith for 440 gold pieces
 27139 | D:10     | Bought an uncursed amulet of the gourmand for 330 gold
                  | pieces
 27677 | D:13     | Got a smoking jade ring
 27679 | D:13     | Identified the ring "Umnia" {rElec rPois rF++ rN+ MR+} (You
                  | found it on level 13 of the Dungeon)
 28289 | D:13     | Found a gate to the Vaults.
 29028 | D:14     | Identified the +2 halberd of Wyogizy {drain, rElec rF+
                  | Str+3 Int+4}
 29028 | D:14     | Identified the +6 chain mail "Pano" {rElec}
 29029 | D:14     | Found a runed gate.
 29029 | D:14     | Noticed Sharkman1231's ghost (journeyman DsWn)
 29040 | D:14     | Identified the +4 ring mail of Jentef {+Blink rElec rF-
                  | MP-9}
 29040 | D:14     | Identified the amulet "Efroicug" {+Rage Str+3 Int-5 Dex+4
                  | SInv}
 29078 | D:14     | Found a runed gate.
 29085 | D:14     | Found a runed gate.
 29475 | D:14     | Found a roughly hewn altar of Beogh.
 29495 | D:14     | Reached XP level 16. HP: 152/152 MP: 16/16
 29505 | D:14     | Killed Sharkman1231's ghost
 29695 | D:15     | Entered Level 15 of the Dungeon
 29791 | D:15     | Reached skill level 10 in Dodging
 29795 | D:15     | Reached skill level 10 in Armour
 30499 | D:15     | Found a staircase to the Depths.
 30591 | D:15     | Received a gift from Trog
 30592 | D:15     | Found the +7 captain's cutlass {speed, disarm}
 31476 | Snake:1  | Entered Level 1 of the Snake Pit
 31504 | Snake:1  | Reached skill level 1 in Stealth
 31898 | Snake:1  | Reached skill level 2 in Stealth
 32122 | Snake:1  | Reached skill level 3 in Stealth
 32539 | Snake:1  | Found Ufapnuz's Antique Weapon Shop.
 32763 | Snake:1  | Reached skill level 4 in Stealth
 33063 | Snake:2  | Received a gift from Trog
 33301 | Snake:2  | Reached skill level 5 in Stealth
 33380 | Snake:2  | Found a burning altar of Makhleb.
 33540 | Snake:2  | Reached skill level 5 in Short Blades
 33815 | Snake:2  | Noticed a nagaraja
 33834 | Snake:2  | Killed a nagaraja
 33834 | Snake:2  | Reached XP level 17. HP: 147/164 MP: 17/17
 34186 | Snake:3  | Reached skill level 6 in Stealth
 34632 | Snake:3  | Reached skill level 7 in Stealth
 35113 | Snake:4  | Entered Level 4 of the Snake Pit
 35248 | Snake:4  | Identified the +5 spear "Xuid" {freeze, rC- MR+ Str+4
                  | Int+4} (You found it on level 4 of the Snake Pit)
 35593 | Snake:4  | Reached skill level 8 in Stealth
 35772 | Snake:4  | Reached ****** piety under Trog
 35799 | Snake:4  | Received a gift from Trog
 35990 | Snake:4  | Reached skill level 9 in Stealth
 37177 | Snake:4  | Reached skill level 10 in Stealth
 37177 | Snake:4  | Reached XP level 18. HP: 175/175 MP: 18/18
 37292 | Snake:4  | Received a gift from Trog
 37752 | Snake:4  | Got a serpentine rune of Zot
 37873 | Snake:4  | Reached skill level 11 in Stealth
 38389 | Snake:4  | Received a gift from Trog
 38865 | Shoals:1 | Entered Level 1 of the Shoals
 38970 | Shoals:1 | Got a distressingly furry cloak
 38976 | Shoals:1 | Identified the +0 cloak of Buplipt {rF+ Int+4 Dex+2 Slay+3}
                  | (You acquired it on level 1 of the Shoals)
 39497 | Shoals:1 | Reached skill level 12 in Stealth
 40376 | Shoals:2 | Reached XP level 19. HP: 155/184 MP: 19/19
 40879 | Shoals:2 | Got a slimy glass ring
 41230 | Shoals:3 | Identified the ring of Omuzohol {rN+ MR+ Int+2 Stlth+} (You
                  | found it on level 2 of the Shoals)
 41361 | Shoals:3 | Got a transparent cloak
 41372 | Shoals:3 | Identified the +2 cloak of Edeob {rElec Str+3 Dex-2} (You
                  | found it on level 3 of the Shoals)
 41732 | Shoals:3 | Reached skill level 13 in Stealth
 41845 | Shoals:3 | Reached skill level 15 in Fighting
 42152 | Shoals:4 | Entered Level 4 of the Shoals
 42487 | Shoals:4 | Got a barnacled rune of Zot
 42582 | Shoals:4 | Received a gift from Trog
 42762 | Shoals:4 | Found Idweuren's Assorted Antiques.
 42806 | Shoals:4 | Reached skill level 14 in Stealth
 43454 | Vaults:1 | Entered Level 1 of the Vaults
 43997 | Vaults:1 | Found a runed gate.
 43997 | Vaults:1 | Found a runed gate.
 43997 | Vaults:1 | Found a runed gate.
 43997 | Vaults:1 | Noticed a tentacled monstrosity
 44154 | Vaults:1 | Received a gift from Trog
 44473 | Vaults:1 | Reached XP level 20. HP: 195/195 MP: 20/20
 44888 | Vaults:1 | Reached skill level 15 in Stealth
 45368 | Vaults:1 | Found a runed gate.
 45368 | Vaults:1 | Found a runed gate.
 45370 | Vaults:1 | Reached skill level 16 in Stealth
 45370 | Vaults:1 | Reached XP level 21. HP: 205/205 MP: 21/21
 45372 | Vaults:1 | Found a runed gate.
 45379 | Vaults:1 | Noticed Bidatih's ghost (adept MiBe)
 45422 | Vaults:1 | Gained mutation: You are clumsy. (Dex -2) [a cacodemon]
 45429 | Vaults:1 | Gained mutation: You are frail. (-10% HP) [a cacodemon]
 45866 | Vaults:1 | Killed Bidatih's ghost
 46081 | Vaults:1 | Got a jewelled hat
 46089 | Vaults:1 | Gained mutation: You are very frail. (-20% HP) [mutagenic
                  | glow]
 46122 | Vaults:1 | Gained mutation: You are extremely frail. (-30% HP)
                  | [mutagenic glow]
 46186 | Vaults:2 | Lost mutation: You are clumsy. (Dex -2) [potion of
                  | mutation]
 46186 | Vaults:2 | Lost mutation: You are extremely frail. (-30% HP) [potion
                  | of mutation]
 46186 | Vaults:2 | Lost mutation: You are very frail. (-20% HP) [potion of
                  | mutation]
 46186 | Vaults:2 | Lost mutation: You are frail. (-10% HP) [potion of
                  | mutation]
 46186 | Vaults:2 | Gained mutation: You expend magic power (3 MP) to
                  | strengthen your wands. [potion of mutation]
 46186 | Vaults:2 | Gained mutation: Your muscles are strong. (Str +2) [potion
                  | of mutation]
 46186 | Vaults:2 | Gained mutation: You are agile. (Dex +2) [potion of
                  | mutation]
 46570 | Vaults:2 | Found a ruined gateway.
 46650 | Vaults:2 | Identified the +1 hat "Zenuj" {rElec rCorr Slay-3 SInv}
                  | (You found it on level 1 of the Vaults)
 46675 | Desolati | Entered the Desolation of Salt
 46805 | Desolati | Received a gift from Trog
 47345 | Desolati | Reached skill level 17 in Stealth
 47558 | Desolati | Got a pitted marble ring
 47593 | Desolati | Identified the +5 long sword "Ratuawn" {slice, -Tele rC+++
                  | Str-2 Stlth+} (You found it in the Desolation of Salt)
 47829 | Desolati | Got a pitted wooden ring
 47831 | Desolati | Identified the ring "Qatad" {rPois rN+++ Int-3 Dex+3 SInv}
                  | (You found it in the Desolation of Salt)
 47833 | Desolati | Identified the ring "Xenavveth" {rElec rPois rF+ Str+4}
                  | (You found it in the Desolation of Salt)
 47869 | Desolati | Got a shimmering glass ring
 47871 | Desolati | Identified the ring of Dim Light {*Tele rElec rPois} (You
                  | found it in the Desolation of Salt)
 48170 | Desolati | Identified Bic Cycsorch's Catalogue of Sinister Rites and
                  | Feathers
 48619 | Vaults:2 | Reached XP level 22. HP: 216/216 MP: 22/22
 48962 | Snake:1  | Bought the +2 Maxwell's thermic engine {flame, freeze} for
                  | 1540 gold pieces
 48962 | Snake:1  | Found the +2 Maxwell's thermic engine {flame, freeze}
 49256 | Vaults:2 | Received a gift from Trog
 49588 | Vaults:2 | Reached skill level 18 in Stealth
 50142 | Vaults:2 | Found a staircase to the Crypt.
 50142 | Vaults:2 | Found an ancient bone altar of Kikubaaqudgha.
 50143 | Vaults:2 | Found a basalt altar of Yredelemnul.
 50939 | Vaults:3 | You fall through a shaft!
 50952 | Vaults:4 | Found Elicew's Antique Armour Emporium.
 51361 | Vaults:3 | Reached skill level 19 in Stealth
 51402 | Vaults:3 | HP: 4/218 [ettin simulacrum[a boggart] (17)]
 52592 | Vaults:4 | Reached XP level 23. HP: 144/226 MP: 23/23
 52774 | Vaults:4 | Received a gift from Trog
 53409 | Vaults:4 | Reached skill level 20 in Stealth
 53583 | Vaults:4 | Received a gift from Trog
 53981 | Vaults:4 | Reached skill level 15 in Dodging
 54044 | Vaults:4 | Reached skill level 15 in Armour
 54698 | Vaults:4 | Identified the +2 scimitar "Forar" {antimagic, rN+} (You
                  | found it on level 4 of the Vaults)
 54850 | Vaults:4 | Identified the +2 flail of Cowardice {vamp, +Rage Stlth+}
                  | (You found it on level 4 of the Vaults)
 55360 | Elf:1    | Entered Level 1 of the Elven Halls
 55405 | Elf:1    | Found a radiant altar of Vehumet.
 55414 | Elf:1    | Received a gift from Trog
 55721 | Elf:1    | Identified Ipeps's Catalogue of Creative Moulding
 56053 | Elf:1    | Identified the Grimoire of Battle Magic
 56382 | Elf:1    | Found a deep blue altar of Sif Muna.
 56420 | Elf:1    | Reached skill level 21 in Stealth
 56823 | Elf:2    | Found a runed gate.
 56828 | Elf:2    | Found a runed gate.
 56985 | Elf:2    | Noticed Nikola
 57001 | Elf:2    | Identified Roxanne's Catalogue of Earth
 57001 | Elf:2    | Noticed Roxanne
 57034 | Elf:2    | Killed Nikola
 57034 | Elf:2    | Reached XP level 24. HP: 116/238 MP: 23/23
 57230 | Elf:2    | Received a gift from Trog
 57369 | Elf:2    | Found a runed gate.
 57388 | Elf:2    | Noticed TheMeInTeam's ghost (adept KoCj)
 57389 | Elf:2    | Noticed Alex's ghost (journeyman MiFi)
 57478 | Elf:2    | Noticed Azrael
 57497 | Elf:2    | Killed Azrael
 57614 | Elf:2    | Found a huge runed gate.
 57614 | Elf:2    | Found a huge runed gate.
 57614 | Elf:2    | Found a huge runed gate.
 57618 | Elf:2    | Found a huge runed gate.
 57622 | Elf:2    | Found a huge runed gate.
 57746 | Elf:2    | Killed Roxanne
 58118 | Elf:2    | Received a gift from Trog
 58376 | Elf:3    | Entered Level 3 of the Elven Halls
 58402 | Elf:3    | Noticed Louise
 58414 | Elf:3    | Killed Louise
 58913 | Elf:3    | Received a gift from Trog
 59006 | Elf:3    | Identified the +6 dagger "Zausk" {freeze, rC+ MR+ Int-5}
 59105 | Elf:3    | Reached skill level 22 in Stealth
 59157 | Elf:3    | Identified the cursed +0 trident "Hydrabane" {drain, +Fly}
 59624 | Elf:3    | Reached skill level 10 in Shields
 59663 | Elf:3    | Identified the ring "Gorown" {rElec rC+ MR+ Str+7}
 59671 | Elf:3    | Received a gift from Trog
 60199 | Elf:3    | Identified the +0 helmet of Hoig {rElec rCorr Str-2 Slay+4
                  | SInv} (You found it on level 3 of the Elven Halls)
 60440 | Depths:1 | Entered Level 1 of the Depths
 60674 | Depths:1 | Found a one-way gate leading to the halls of Pandemonium.
 60840 | Depths:1 | Reached XP level 25. HP: 248/248 MP: 23/23
 61406 | Depths:1 | Received a gift from Trog
 62268 | Depths:1 | Found a gateway to Hell.
 63411 | Depths:2 | Found a huge runed gate.
 63411 | Depths:2 | Found a huge runed gate.
 63411 | Depths:2 | Found a huge runed gate.
 63411 | Depths:2 | Found a huge runed gate.
 63413 | Depths:2 | Found a huge runed gate.
 63418 | Depths:2 | Found a huge runed gate.
 63418 | Depths:2 | Found a huge runed gate.
 63418 | Depths:2 | Found a huge runed gate.
 63418 | Depths:2 | Found a huge runed gate.
 63418 | Depths:2 | Found a huge runed gate.
 63418 | Depths:2 | Found a huge runed gate.
 63537 | Depths:2 | Found a huge runed gate.
 63538 | Depths:2 | Found a huge runed gate.
 64154 | Depths:2 | Found a huge runed gate.
 64154 | Depths:2 | Found a huge runed gate.
 64160 | Depths:2 | Found a huge runed gate.
 64160 | Depths:2 | Found a huge runed gate.
 64172 | Depths:2 | Found a huge runed gate.
 64172 | Depths:2 | Found a huge runed gate.
 64173 | Depths:2 | Found a huge runed gate.
 64173 | Depths:2 | Found a huge runed gate.
 64198 | Depths:2 | Found a huge runed gate.
 64200 | Depths:2 | Found a huge runed gate.
 64246 | Depths:2 | Received a gift from Trog
 64604 | Depths:2 | Found a gateway to a ziggurat.
 65265 | Depths:2 | Noticed a juggernaut
 65265 | Depths:2 | Noticed a juggernaut
 65266 | Depths:2 | Noticed a juggernaut
 65666 | Depths:2 | Reached skill level 15 in Shields
 65761 | Depths:2 | Killed a juggernaut
 65886 | Depths:2 | Killed a juggernaut
 65886 | Depths:2 | Reached XP level 26. HP: 250/258 MP: 23/23
 65940 | Depths:2 | Killed a juggernaut
 66078 | Depths:3 | Received a gift from Trog
 66216 | Depths:3 | Found a burning altar of Makhleb.
 66378 | Depths:3 | Found a glowing silver altar of Zin.
 66704 | Depths:3 | Found a shimmering altar of Xom.
 67128 | Depths:3 | Found an ornate altar of the Wu Jian Council.
 67184 | Depths:3 | Noticed a juggernaut
 67203 | Depths:3 | Received a gift from Trog
 67769 | Depths:3 | Identified the amulet "Xummedd" {Acrobat rElec Str+3}
 67904 | Depths:3 | Killed a juggernaut
 68030 | Depths:3 | Identified the ring of Syud {*Tele Dex+2}
 68161 | Depths:3 | Got a transparent naga barding
 68167 | Depths:3 | Identified the +0 naga barding of the Storm King {*Drain
                  | +Blink rF+ rCorr} (You found it on level 3 of the Depths)
 68358 | Depths:3 | Identified the cursed +1 morningstar "Muiheqoa" {crush,
                  | *Drain rC+++} (You found it on level 3 of the Depths)
 68731 | Depths:4 | Found Laxzyoth's Gadget Shop.
 68731 | Depths:4 | Found Aneri's Jewellery Emporium.
 68732 | Depths:4 | Found Sauw Ulo's Jewellery Emporium.
 68948 | Depths:4 | Reached XP level 27. HP: 149/268 MP: 23/23
 69306 | Depths:4 | Found a one-way gate to the infinite horrors of the Abyss.
 69403 | Depths:4 | Paralysed by a floating eye for 4 turns
 69519 | Depths:4 | Received a gift from Trog
 70018 | Depths:5 | Entered Level 5 of the Depths
 70673 | Depths:5 | Received a gift from Trog
 70703 | Depths:5 | Noticed a juggernaut
 70704 | Depths:5 | a juggernaut changed into a titan
 70715 | Depths:5 | Noticed a juggernaut
 70715 | Depths:5 | a titan changed into a juggernaut
 70721 | Depths:5 | a juggernaut changed into an acid blob
 70908 | Depths:5 | Got a slimy naga barding
 70909 | Depths:5 | Identified the +0 naga barding of the Maze {Regen+} (You
                  | acquired it on level 5 of the Depths)
 71074 | Depths:5 | Reached skill level 1 in Evocations
 71587 | Depths:5 | Found a huge runed gate.
 71587 | Depths:5 | Found a huge runed gate.
 71588 | Depths:5 | Found a huge runed gate.
 71589 | Depths:5 | Found a huge runed gate.
 71595 | Depths:5 | Found a huge runed gate.
 71596 | Depths:5 | Found a huge runed gate.
 71597 | Depths:5 | Found a huge runed gate.
 71620 | Depths:5 | Found a huge runed gate.
 71621 | Depths:5 | Found a huge runed gate.
 71621 | Depths:5 | Found a huge runed gate.
 71622 | Depths:5 | Found a huge runed gate.
 71622 | Depths:5 | Found a huge runed gate.
 71622 | Depths:5 | Found a huge runed gate.
 71625 | Depths:5 | Found a huge runed gate.
 71625 | Depths:5 | Found a huge runed gate.
 71625 | Depths:5 | Found a huge runed gate.
 71625 | Depths:5 | Found a huge runed gate.
 71625 | Depths:5 | Found a huge runed gate.
 71625 | Depths:5 | Found a huge runed gate.
 71625 | Depths:5 | Found a huge runed gate.
 71626 | Depths:5 | Found a huge runed gate.
 71746 | Depths:5 | Found a gate to the Realm of Zot.
 71992 | Depths:5 | HP: 20/409 [small abomination[a deep elf death mage] (8)]
 72791 | Vaults:5 | Entered Level 5 of the Vaults
 72823 | Vaults:5 | Received a gift from Trog
 72943 | Vaults:5 | Got a silver rune of Zot
 72997 | Vaults:5 | Reached skill level 5 in Evocations
 73036 | Vaults:5 | Reached skill level 23 in Stealth
 73112 | Vaults:5 | Reached skill level 24 in Stealth
 73220 | Vaults:5 | Received a gift from Trog
 73328 | Vaults:5 | Reached skill level 25 in Stealth
 73627 | Vaults:5 | Identified Sulluymi's Almanac of the Voyage
 73629 | Vaults:5 | Identified the Incunabulum of the Traveller and Calling
 73635 | Vaults:5 | Identified the ring "Sejo" {Wiz rN++ SInv} (You found it on
                  | level 5 of the Vaults)
 73676 | Vaults:5 | Identified the +7 chain mail of Rulaskec {rF++ MP-9} (You
                  | found it on level 5 of the Vaults)
 73678 | Vaults:5 | Identified the cursed +1 spear of Paper {antimagic, rC+ rN+
                  | Dex+6 Stlth-} (You found it on level 5 of the Vaults)
 73717 | Vaults:5 | Reached skill level 26 in Stealth
 73792 | Vaults:5 | Got a pair of faintly glowing gloves
 73803 | Vaults:5 | Identified the +0 pair of gloves "Ziw Husm" {Dex+2 Slay+3}
                  | (You acquired it on level 5 of the Vaults)
 74007 | Vaults:5 | Identified the +7 hunting sling "Ituibeyx" {speed, rN+
                  | Str+3}
 74007 | Vaults:5 | Identified the amulet of the Locust {RegenMP +Blink rF-
                  | rC+}
 74087 | Vaults:5 | Reached skill level 10 in Evocations
 74269 | Vaults:5 | Identified the cursed +1 dagger of Harmony {flame, *Slow
                  | rPois Int+3}
 74276 | Vaults:5 | Reached skill level 27 in Stealth
 74290 | Vaults:5 | Got a heavily runed cloak
 74301 | Vaults:5 | Identified the +0 cloak of the Exiled Friends {rPois rF++
                  | rC++} (You acquired it on level 5 of the Vaults)
 75092 | Crypt:1  | Entered Level 1 of the Crypt
 75343 | Crypt:1  | Received a gift from Trog
 75348 | Crypt:1  | Reached skill level 1 in Throwing
 75361 | Crypt:1  | Found a runed door.
 75361 | Crypt:1  | Noticed Nibeov's ghost (veteran GrEE)
 75370 | Crypt:1  | Killed Nibeov's ghost
 75796 | Crypt:2  | Noticed Donald
 75810 | Crypt:2  | Killed Donald
 76939 | Crypt:3  | Entered Level 3 of the Crypt
 76942 | Crypt:3  | Received a gift from Trog
 77120 | Crypt:3  | Noticed Sojobo
 77157 | Crypt:3  | Killed Sojobo
 77384 | Crypt:3  | Found a staircase to the Tomb.
 77419 | Crypt:3  | Noticed Bai Suzhen
 77511 | Crypt:3  | Received a gift from Trog
 77571 | Crypt:3  | Killed Bai Suzhen
 77781 | Crypt:3  | Received a gift from Trog
 77943 | Crypt:3  | Noticed a greater mummy
 77957 | Crypt:3  | Killed a greater mummy
 78108 | Crypt:3  | Found an ancient bone altar of Kikubaaqudgha.
 79164 | Tomb:1   | Entered Level 1 of the Tomb of the Ancients
 80011 | Tomb:1   | Noticed a greater mummy
 80028 | Tomb:1   | Killed a greater mummy
 80028 | Tomb:1   | Reached skill level 5 in Throwing
 80033 | Tomb:1   | Received a gift from Trog
 80396 | Tomb:1   | Got a serpentine tin ring
 80470 | Tomb:1   | Noticed a greater mummy
 80472 | Tomb:1   | Killed a greater mummy
 80700 | Tomb:2   | Noticed a greater mummy
 80702 | Tomb:2   | Noticed a greater mummy
 80704 | Tomb:2   | Noticed a greater mummy
 80705 | Tomb:2   | Noticed a greater mummy
 80711 | Tomb:2   | Noticed Boris
 80725 | Tomb:2   | Killed Boris
 81257 | Tomb:3   | Entered Level 3 of the Tomb of the Ancients
 81282 | Tomb:3   | Noticed a greater mummy
 81295 | Tomb:3   | Noticed a greater mummy
 81335 | Tomb:3   | Noticed a greater mummy
 81341 | Tomb:3   | Killed a greater mummy
 81769 | Tomb:3   | Noticed a greater mummy
 81782 | Tomb:3   | Killed a greater mummy
 81936 | Tomb:3   | Noticed a greater mummy
 81962 | Tomb:3   | Killed a greater mummy
 82018 | Tomb:3   | Killed a greater mummy
 82274 | Tomb:3   | Noticed a greater mummy
 82292 | Tomb:3   | Killed a greater mummy
 82302 | Tomb:3   | Received a gift from Trog
 82718 | Tomb:3   | Found the +3 sling "Punk" {acid, rCorr}
 82727 | Tomb:3   | Identified the ring "Nesiaf" {rC+ Stlth-} (You found it on
                  | level 1 of the Tomb of the Ancients)
 82729 | Tomb:3   | Identified the amulet of Wakhlis {Gourm rC+ Str-5 Stlth+}
                  | (You found it on level 3 of the Tomb of the Ancients)
 82756 | Tomb:3   | Identified the Compendium of Ghastly Moulding
 82850 | Tomb:3   | Killed a greater mummy
 83282 | Tomb:3   | Noticed a greater mummy
 83289 | Tomb:3   | Killed a greater mummy
 83345 | Tomb:3   | Noticed a greater mummy
 83369 | Tomb:3   | Killed a greater mummy
 83372 | Tomb:3   | Received a gift from Trog
 83541 | Tomb:3   | Got a golden rune of Zot
 83543 | Tomb:3   | Noticed a greater mummy
 83551 | Tomb:3   | Killed a greater mummy
 83671 | Tomb:3   | Identified the +6 battleaxe of Ympotid {chop, +Inv rElec
                  | Int+4} (You found it on level 3 of the Tomb of the
                  | Ancients)
 84117 | Depths:4 | Voluntarily entered the Abyss.
 84124 | Abyss:1  | Found a corrupted altar of Lugonu.
 84458 | Abyss:1  | Found a deep blue altar of Sif Muna.
 84577 | Abyss:1  | Gained mutation: Your body sometimes deteriorates upon
                  | taking damage. [a shining eye]
 84635 | Depths:4 | Escaped the Abyss
 84637 | Depths:4 | Voluntarily entered the Abyss.
 84728 | Abyss:1  | Found a corrupted altar of Lugonu.
 84895 | Abyss:2  | Found a corrupted altar of Lugonu.
 85085 | Abyss:3  | Received a gift from Trog
 85604 | Abyss:3  | Received a gift from Trog
 85716 | Abyss:3  | Received a gift from Trog
 85723 | Abyss:3  | Got a smoking short sword {god gift}
 85724 | Abyss:3  | Identified the +7 short sword of Integrity {venom, MR+}
                  | (Trog gifted it to you on level 3 of the Abyss)
 85764 | Abyss:3  | Lost mutation: Your muscles are strong. (Str +2) [a
                  | cacodemon]
 85916 | Abyss:3  | Found a corrupted altar of Lugonu.
 85997 | Abyss:3  | Paralysed by you for 2 turns
 86016 | Abyss:3  | Paralysed by accursed screaming for 2 turns
 86218 | Abyss:3  | Found a corrupted altar of Lugonu.
 86234 | Abyss:3  | Paralysed by accursed screaming for 1 turns
 86239 | Abyss:3  | Paralysed by accursed screaming for 1 turns
 86270 | Abyss:3  | Received a gift from Trog
 86300 | Abyss:3  | Got an abyssal rune of Zot
 86768 | Depths:4 | Escaped the Abyss
 87494 | Snake:1  | Bought a runed rapier for 245 gold pieces
 87737 | Shoals:4 | Bought a scroll of fog for 64 gold pieces
 87737 | Shoals:4 | Bought a potion of heal wounds for 160 gold pieces
 87737 | Shoals:4 | Bought a potion of might for 128 gold pieces
 87737 | Shoals:4 | Bought a potion of heal wounds for 160 gold pieces
 87912 | Slime:1  | Entered Level 1 of the Pits of Slime
 88193 | Slime:3  | Received a gift from Trog
 88635 | Slime:5  | Entered Level 5 of the Pits of Slime
 88920 | Slime:5  | Found a viscous altar of Jiyva.
 88920 | Slime:5  | Noticed the Royal Jelly
 88925 | Slime:5  | Gained mutation: Your body often deteriorates upon taking
                  | damage. [a shining eye]
 88944 | Slime:5  | Gained mutation: Your magical capacity is low. (-10% MP) [a
                  | shining eye]
 88967 | Slime:5  | Killed the Royal Jelly
 89111 | Slime:5  | Got a heavily runed platinum ring
 89112 | Slime:5  | Identified the ring "Gesi" {*Tele rPois rF+ Slay-5} (You
                  | found it on level 5 of the Pits of Slime)
 89127 | Slime:5  | Got a slimy rune of Zot
 89170 | Slime:5  | Identified the +6 morningstar of the Foot {elec, rC- rN+
                  | Int+4} (You found it on level 5 of the Pits of Slime)
 89197 | Slime:5  | Identified the +6 dagger of Shame {speed, rPois rF+ MR+}
                  | (You found it on level 5 of the Pits of Slime)
 89219 | Slime:5  | Identified the cursed +0 plate armour "Gaonwi" {rN+} (You
                  | found it on level 5 of the Pits of Slime)
 89340 | Lair:5   | Lost mutation: Your body often deteriorates upon taking
                  | damage. [potion of mutation]
 89340 | Lair:5   | Lost mutation: Your magical capacity is low. (-10% MP)
                  | [potion of mutation]
 89340 | Lair:5   | Lost mutation: You expend magic power (3 MP) to strengthen
                  | your wands. [potion of mutation]
 89340 | Lair:5   | Gained mutation: You are very agile. (Dex +4) [potion of
                  | mutation]
 89340 | Lair:5   | Gained mutation: You are weak. (Str -2) [potion of
                  | mutation]
 89340 | Lair:5   | Gained mutation: You can translocate small distances at
                  | will. [potion of mutation]
 89341 | Lair:5   | Lost mutation: You are weak. (Str -2) [potion of mutation]
 89341 | Lair:5   | Lost mutation: Your body sometimes deteriorates upon taking
                  | damage. [potion of mutation]
 89341 | Lair:5   | Lost mutation: You can translocate small distances at will.
                  | [potion of mutation]
 89341 | Lair:5   | Lost mutation: You are very agile. (Dex +4) [potion of
                  | mutation]
 89341 | Lair:5   | Lost mutation: You are agile. (Dex +2) [potion of mutation]
 89341 | Lair:5   | Gained mutation: You are dopey. (Int -2) [potion of
                  | mutation]
 89341 | Lair:5   | Gained mutation: You have a pair of small antennae on your
                  | head. [potion of mutation]
 89342 | Lair:5   | Lost mutation: You are dopey. (Int -2) [potion of mutation]
 89342 | Lair:5   | Lost mutation: You have a pair of small antennae on your
                  | head. [potion of mutation]
 89342 | Lair:5   | Gained mutation: You expend magic power (3 MP) to
                  | strengthen your wands. [potion of mutation]
 89342 | Lair:5   | Gained mutation: You can translocate small distances at
                  | will. [potion of mutation]
 89642 | D:4      | Bought a potion of agility for 48 gold pieces
 89642 | D:4      | Bought a potion of resistance for 120 gold pieces
 89642 | D:4      | Bought a potion of resistance for 120 gold pieces
 89642 | D:4      | Bought a potion of cancellation for 96 gold pieces
 89642 | D:4      | Bought a potion of curing for 36 gold pieces
 89642 | D:4      | Bought a potion of magic for 96 gold pieces
 89642 | D:4      | Bought a potion of mutation for 96 gold pieces
 89905 | Hell     | Entered the Vestibule of Hell
 89905 | Hell     | Noticed Geryon
 89929 | Hell     | Killed Geryon
 90145 | Hell     | Found a gateway to the Iron City of Dis.
 90285 | Hell     | Found a gateway to the ashen valley of Gehenna.
 90394 | Hell     | Found a gateway to the decaying netherworld of Tartarus.
 90571 | Hell     | Found a gateway to the freezing wastes of Cocytus.
 90577 | Hell     | Received a gift from Trog
 90748 | Coc:1    | Entered Level 1 of Cocytus
 91329 | Coc:3    | Received a gift from Trog
 92224 | Coc:5    | You fall through a shaft!
 92270 | Coc:6    | Received a gift from Trog
 92933 | Coc:7    | Entered Level 7 of Cocytus
 92962 | Coc:7    | Received a gift from Trog
 94373 | Coc:7    | Noticed Antaeus
 94413 | Coc:7    | Received a gift from Trog
 94999 | Coc:7    | Identified the +3 ring mail of Ateoj {Dex+3} (You found it
                  | on level 7 of Cocytus)
 95391 | Coc:7    | Received a gift from Trog
 95998 | Coc:7    | Killed Antaeus
 95998 | Coc:7    | Received a gift from Trog
 96028 | Coc:7    | Got an icy rune of Zot
 96137 | Geh:1    | Entered Level 1 of Gehenna
 96584 | Geh:1    | Received a gift from Trog
 97544 | Geh:1    | Received a gift from Trog
 97909 | Geh:2    | Received a gift from Trog
 98690 | Geh:4    | You fall through a shaft for 2 floors!
 98711 | Geh:6    | Received a gift from Trog
 99378 | Geh:7    | Entered Level 7 of Gehenna
 99409 | Geh:7    | Received a gift from Trog
 99652 | Geh:7    | Received a gift from Trog
100524 | Geh:7    | Received a gift from Trog
100585 | Geh:7    | Noticed the Serpent of Hell
100606 | Geh:7    | Killed the Serpent of Hell
100777 | Geh:7    | Identified the +7 sceptre of Asmodeus
100777 | Geh:7    | Noticed Asmodeus
101352 | Geh:7    | Gained mutation: Your magical capacity is low. (-10% MP)
                  | [mutagenic glow]
101706 | Geh:7    | Received a gift from Trog
101737 | Geh:7    | Killed Asmodeus
101792 | Geh:7    | Identified the +6 long sword "Forhievi" {venom, -Tele rN+
                  | Str+3} (You found it on level 7 of Gehenna)
101814 | Geh:7    | Got an ancient bronze ring
101815 | Geh:7    | Identified the ring of the Duchess {rF++ MR+++ MP+9 Dex-2}
                  | (You found it on level 7 of Gehenna)
101819 | Geh:7    | Identified the +3 ice dragon scales of the Kangaroo {rF-
                  | rC++ rCorr Str+3 Int-2} (You found it on level 7 of
                  | Gehenna)
101835 | Geh:7    | Identified the Grimoire of Noxious Enchantment
101842 | Geh:7    | Got an obsidian rune of Zot
102263 | Geh:7    | Received a gift from Trog
102485 | Tar:1    | Entered Level 1 of Tartarus
102509 | Tar:3    | You fall through a shaft for 2 floors!
102645 | Tar:7    | Entered Level 7 of Tartarus
102732 | Tar:7    | Gained mutation: Your body sometimes deteriorates upon
                  | taking damage. [mutagenic glow]
102733 | Tar:7    | Lost mutation: Your magical capacity is low. (-10% MP)
                  | [potion of mutation]
102733 | Tar:7    | Lost mutation: Your body sometimes deteriorates upon taking
                  | damage. [potion of mutation]
102733 | Tar:7    | Lost mutation: You expend magic power (3 MP) to strengthen
                  | your wands. [potion of mutation]
102733 | Tar:7    | Gained mutation: You are agile. (Dex +2) [potion of
                  | mutation]
102733 | Tar:7    | Gained mutation: Your tail ends in a poisonous barb.
                  | [potion of mutation]
102760 | Tar:7    | Noticed an ancient lich
102770 | Tar:7    | Gained mutation: Potions are less effective at restoring
                  | your health. [mutagenic glow]
102773 | Tar:7    | Killed an ancient lich
102856 | Tar:7    | Lost mutation: You are agile. (Dex +2) [potion of mutation]
102856 | Tar:7    | Lost mutation: Your tail ends in a poisonous barb. [potion
                  | of mutation]
102856 | Tar:7    | Gained mutation: You are resistant to electric shocks.
                  | (rElec) [potion of mutation]
102856 | Tar:7    | Gained mutation: You are resistant to hostile enchantments.
                  | (MR+) [potion of mutation]
102856 | Tar:7    | Gained mutation: You are partially covered in molten
                  | scales. (AC +2) [potion of mutation]
102857 | Tar:7    | Lost mutation: Potions are less effective at restoring your
                  | health. [potion of mutation]
102857 | Tar:7    | Lost mutation: You are resistant to electric shocks.
                  | (rElec) [potion of mutation]
102857 | Tar:7    | Lost mutation: You are resistant to hostile enchantments.
                  | (MR+) [potion of mutation]
102857 | Tar:7    | Gained mutation: You are somewhat resistant to further
                  | mutation. [potion of mutation]
103037 | Tar:7    | Noticed Ereshkigal
103061 | Tar:7    | Killed Ereshkigal
103101 | Tar:7    | Got a bone rune of Zot
103310 | Tar:7    | Received a gift from Trog
103716 | Dis:1    | Entered Level 1 of the Iron City of Dis
104083 | Dis:1    | Received a gift from Trog
104436 | Dis:3    | You fall through a shaft for 3 floors!
104562 | Dis:7    | Entered Level 7 of the Iron City of Dis
104765 | Dis:7    | Received a gift from Trog
105175 | Dis:7    | Gained mutation: You are occasionally teleported next to
                  | monsters. [mutagenic glow]
105311 | Dis:7    | Received a gift from Trog
105312 | Dis:7    | Lost mutation: You are somewhat resistant to further
                  | mutation. [potion of mutation]
105312 | Dis:7    | Lost mutation: You are occasionally teleported next to
                  | monsters. [potion of mutation]
105312 | Dis:7    | Lost mutation: You are partially covered in molten scales.
                  | (AC +2) [potion of mutation]
105312 | Dis:7    | Lost mutation: You can translocate small distances at will.
                  | [potion of mutation]
105312 | Dis:7    | Gained mutation: You have a pair of small horns on your
                  | head. [potion of mutation]
105312 | Dis:7    | Gained mutation: Your tail ends in a poisonous barb.
                  | [potion of mutation]
105371 | Dis:7    | Lost mutation: You have a pair of small horns on your head.
                  | [potion of mutation]
105371 | Dis:7    | Lost mutation: Your tail ends in a poisonous barb. [potion
                  | of mutation]
105371 | Dis:7    | Gained mutation: You are dopey. (Int -2) [potion of
                  | mutation]
105371 | Dis:7    | Gained mutation: You do not regenerate when monsters are
                  | visible. [potion of mutation]
105371 | Dis:7    | Lost mutation: You are dopey. (Int -2) [potion of mutation]
105372 | Dis:7    | Gained mutation: Your magical capacity is low. (-10% MP)
                  | [potion of mutation]
105372 | Dis:7    | Gained mutation: Your body sometimes deteriorates upon
                  | taking damage. [potion of mutation]
105372 | Dis:7    | Gained mutation: Your flesh is heat resistant. (rF+)
                  | [potion of mutation]
105373 | Dis:7    | Lost mutation: You do not regenerate when monsters are
                  | visible. [potion of mutation]
105373 | Dis:7    | Lost mutation: Your magical capacity is low. (-10% MP)
                  | [potion of mutation]
105373 | Dis:7    | Gained mutation: You expend magic power (3 MP) to
                  | strengthen your wands. [potion of mutation]
105373 | Dis:7    | Gained mutation: You possess an exceptional clarity of
                  | mind. [potion of mutation]
105880 | Dis:7    | Received a gift from Trog
105897 | Dis:7    | HP: 12/423 [Hell Sentinel/damnation (23)]
105897 | Dis:7    | Killed from afar by an iron dragon

Vault maps used:
D:1:      minmay_arrival_stair_chambers
D:2:      bloody_trog
D:3:      minitemple, ebering_ghost_rock_garden
D:4:      serial_shops, shop_fountains, shop, shop, kennysheep_generic_room_11
D:5:      gup_sewer_entry_bowl, ebering_ghost_sewer_f, first_ration,
          uniq_blork_the_orc
D:7:      gammafunk_temple_overflow_pools, minmay_temple_entry_antechambers,
          chequers_serial_rivers_micro_a, minmay_misc_feat_iff
D:8:      nicolae_overflow_crystal_walls, grunt_livestock
D:10:     serial_shops, shop, nicolae_ru_path_of_blood
D:11:     david_lair_shrubbed, orc_0_dummy, serial_bayou_pond_c, uniq_erolcha
D:12:     spider_trap, minivault_28
D:13:     david_vaults_1, serial_bayou_pond_a
D:14:     biasface_ghost_orc_armoury, chequers_garden,
          chequers_serial_rivers_small_b
D:15:     hangedman_depths_entry_civil_slaughter, corexii_corridor_pit,
          minmay_misc_feat_hallway, chequers_serial_rivers_large_a
Lair:1:   serial_bayou_ford_a
Lair:2:   elwin_shoals_entry_stream, dummy_snake_entry, enter_volcano_4,
          grunt_megastairs_1
Lair:3:   gauntlet_entry_generic
Lair:4:   wad_woods_tower, grunt_megastairs_3, uniq_rupert
Lair:5:   wad_woods_minihive, minmay_slime_entry_pillars, grunt_megastairs_2
Lair:6:   due_jungle_book
Shoals:1: nicolae_shoals_aquamancer_cove
Shoals:3: st_sunken_temple
Shoals:4: shoals_end_simple, serial_shops, nicolae_shop_behind_doors,
          hangedman_shoals_cup_caves
Snake:1:  serial_shops, nicolae_shop_overgrown_old_shop, grunt_ministairs_7,
          minmay_snake_pond
Snake:2:  basic_altar
Snake:3:  special_room, grunt_ministairs_14, guppyfry_snake_island
Snake:4:  grunt_snake_rune_spirals, lemuel_fruit_tree
Slime:1:  basic_altar
Orc:1:    serial_shops, shop_fountains
Orc:2:    grunt_orc_cross, basic_altar
Elf:1:    eino_elf_arrival_altar, basic_altar, minmay_elf_annihilation
Elf:2:    gammafunk_ghost_cemetery, uniq_azrael, uniq_roxanne, uniq_nikola
Elf:3:    nooodl_elf_gasket, uniq_louise
Vaults:1: ploomutoo_gammafunk_vaults_potion_laboratory, hangedman_vaults_snaps,
          ontoclasm_vaults_spin, nicolae_vaults_angled_halls,
          vaults_standard_mumra_enter_the_diamond, v_misc_15,
          dpeg_vaults_monster_box, vaults_room_hallway, v_alt_pattern_4,
          vaults_room_fours, uniq_saint_roka
Vaults:2: grunt_vaults_trifunnel, nicolae_vaults_circle_grid_a, v_alt_pattern_6,
          vaults_room_fours, minmay_crypt_entry_necro_gods,
          nicolae_vaults_little_squares_1, nicolae_vaults_angled_halls,
          vaults_room_pool, vaults_dpeg_hooks, vaults_room_semicircle,
          v_misc_11, portal_desolation_entry_salt
Vaults:3: nicolae_vaults_what_the_h, nicolae_vaults_theta, v_misc_1,
          nicolae_vaults_gold_heap, st_lattice, ontoclasm_vaults_chip,
          hangedman_vaults_capsules
Vaults:4: v_misc_13, v_pattern_1, nicolae_vaults_quartermaster,
          vaults_mumra_hexcomb, vaults_mumra_lcd, hangedman_vaults_nodes,
          hangedman_vaults_stitches, v_alt_pattern_4,
          ontoclasm_vaults_decontamination, v_misc_31, nicolae_vaults_alarming,
          serial_shops, nicolae_shop_stone
Crypt:1:  ebering_ghost_reflecting_pool
Crypt:2:  minivault_4, uniq_donald
Crypt:3:  church_of_pain_bobbens, uniq_bai_suzhen, uniq_sojobo
Tomb:2:   uniq_boris
Depths:1: grunt_pan_entry_zigzag, serial_sigils_hangedman_shear, hell_entry,
          minmay_serpent_palace
Depths:2: minmay_big_diamond_grid, enter_ziggurat_e,
          hangedman_abyss_or_decor_lesser_grid, hell_entry, door_vault,
          firewood_loft
Depths:3: grunt_profane_halls, hell_entry, pan_entry, serial_shops
Depths:4: minmay_dotted_concentric_squares, minmay_misc_feat_encased,
          abyss_entry, hell_entry, minmay_shop_grove
Depths:5: evilmike_zot_entry_gauntlet, pf_vacation_house_of_asmodeus, door_vault
Dis:3:    grunt_megastairs_4
Dis:6:    lemuel_dis_dragons
Dis:7:    dis_grunt_layers
Geh:3:    special_room, lemuel_old_faithful
Geh:7:    geh_mu
Coc:6:    lemuel_elevator
Coc:7:    coc_dpeg
Tar:1:    evilmike_ambush
Tar:2:    hangedman_tartarus_temple_path
Tar:6:    nicolae_tar_cuneiform_two
Tar:7:    tar_old
Abyss:3:  evilmike_abyss_rune_siren_acolytes
Volcano:  volcano_lake
Gauntlet: gammafunk_gauntlet_shortcut

Skill      XL: |  1  2  3  4  5  6  7  8  9 10 11 12 13 14 15 16 17 18 19 20 21 22 23 24 25 26 27 |
---------------+----------------------------------------------------------------------------------+-----
Dodging        | 2 3 4 5 7 8 9 10 11 12 13 14 15 16 17 22 | 22.4
Armour         | 2 3 4 6 7 8 9 10 11 12 13 14 15 16 17 23 | 23.3
Axes           | 4 5 |  5.0
Fighting       | 4 5 6 7 8 9 10 12 13 14 15 16 17 18 19 20 25 | 25.9
Short Blades   | 1 2 3 5 7 9 |  9.9
Long Blades    | 3 6 8 10 12 14 15 22 | 22.6
Shields        | 2 4 8 9 11 15 20 | 20.5
Stealth        | 5 10 12 14 16 17 19 21 22 27 | 27.0
Evocations     | 12 | 12.0
Throwing       | 5 |  5.0

Action                   |  1- 3 |  4- 6 |  7- 9 | 10-12 | 13-15 | 16-18 | 19-21 | 22-24 | 25-27 || total
-------------------------+-------+-------+-------+-------+-------+-------+-------+-------+-------++-------
Melee: Hand axe          |   108 |   194 |    73 |       |       |       |       |       |       ||   375
       Long sword        |       |       |   195 |       |       |       |       |       |       ||   195
       Scimitar          |       |       |   118 |    94 |    78 |       |       |       |       ||   290
       Short sword       |       |       |       |   207 |       |       |       |       |       ||   207
       Double sword      |       |       |       |   445 |   153 |       |   110 |  1214 |  5507 ||  7429
       Quick blade       |       |       |       |     1 |       |       |       |       |  1923 ||  1924
       Demon blade       |       |       |       |       |  1278 |  1528 |  1471 |       |   449 ||  4726
       Constrict         |       |       |       |       |   265 |   309 |   225 |   289 |  1232 ||  2320
       Cutlass           |       |       |       |       |       |   325 |       |    85 |   160 ||   570
       Dagger            |       |       |       |       |       |       |       |    23 |       ||    23
       Rapier            |       |       |       |       |       |       |       |       |   234 ||   234
       Headbutt          |       |       |       |       |       |       |       |       |    38 ||    38
       Tailslap          |       |       |       |       |       |       |       |       |    38 ||    38
Throw: Javelin           |       |       |       |     3 |     9 |     3 |     1 |     6 |    30 ||    52
       Throwing net      |       |       |       |       |       |       |       |       |     1 ||     1
Invok: Berserk           |     4 |     5 |     5 |     5 |     9 |     7 |     6 |     1 |    23 ||    65
       Trog's Hand       |     1 |     2 |     6 |     5 |    22 |    15 |    11 |     6 |    58 ||   126
       Brothers in Arms  |       |       |       |       |     5 |     6 |    11 |     4 |    30 ||    56
 Abil: Spit Poison       |       |     3 |     1 |     4 |       |       |     1 |       |       ||     9
       Blink             |       |       |       |       |       |       |       |       |     1 ||     1
       Evoke Blink       |       |       |       |       |       |       |       |       |     1 ||     1
Evoke: Wand              |       |       |       |       |       |     2 |       |       |     2 ||     4
       Sack of spiders   |       |       |       |       |       |       |       |       |     2 ||     2
       Lamp of fire      |       |       |       |       |       |       |       |       |     1 ||     1
       Box of beasts     |       |       |       |       |       |       |       |       |     1 ||     1
       Phantom mirror    |       |       |       |       |       |       |       |       |     1 ||     1
  Use: Scroll            |       |     6 |     4 |    17 |    10 |     4 |     4 |     6 |    69 ||   120
       Potion            |       |     3 |       |     1 |       |       |    12 |     3 |    42 ||    61
 Stab: Sleeping          |       |     7 |       |       |       |       |    19 |    73 |   131 ||   230
       Distracted        |       |       |       |       |       |     3 |     1 |     8 |    60 ||    72
       Invisible         |       |       |       |       |       |       |       |       |     1 ||     1
       Held in net/web   |       |       |       |       |       |       |       |       |     1 ||     1
  Eat: Chunk             |     3 |    11 |    18 |    25 |    44 |    44 |    43 |    36 |    58 ||   282
       Ration            |       |     1 |     2 |     2 |    14 |     6 |     2 |       |    36 ||    63
Armor: Animal skin       |    23 |     9 |       |       |       |       |       |       |       ||    32
       Plate armour      |       |    48 |   314 |   350 |       |       |       |       |       ||   712
       Acid dragon scale |       |       |       |    91 |   472 |     6 |       |       |       ||   569
       Leather armour    |       |       |       |       |     2 |       |       |       |       ||     2
       Chain mail        |       |       |       |       |       |   725 |   703 |   139 |       ||  1567
       Ice dragon scales |       |       |       |       |       |       |       |   259 |  2233 ||  2492
       Troll leather arm |       |       |       |       |       |       |       |       |    12 ||    12
Dodge: Dodged            |    74 |    65 |   109 |   358 |   719 |   538 |   556 |   447 |  3244 ||  6110
Block: Buckler           |       |       |    18 |   155 |       |       |       |       |       ||   173
       Shield            |       |       |       |    36 |   744 |  1072 |  1029 |   538 |       ||  3419
       Large shield      |       |       |       |       |       |       |       |   297 |  9312 ||  9609
       Reflection        |       |       |       |       |       |       |       |     5 |   152 ||   157
       Rpst.: Long sword |       |       |    19 |       |       |       |       |       |       ||    19
       Scimitar          |       |       |    10 |     9 |     5 |       |       |       |       ||    24
       Double sword      |       |       |       |    63 |    18 |       |     5 |    92 |   404 ||   582
       Demon blade       |       |       |       |       |   149 |    92 |   106 |       |    26 ||   373

Table legend:
 A = Non-vault XP
 B = Vault XP
 C = Vault XP percentage of total XP
 D = Non-vault monster count
 E = Vault monster count
 F = Vault count percentage of total count
                 A         B        C        D         E       F
            +---------+---------+-------+---------+---------+-------
      Total | 1641759 | 1314984 |  44.5 |    2911 |    1431 |  33.0
            +---------+---------+-------+---------+---------+-------
        D:1 |      59 |       0 |   0.0 |      30 |       0 |   0.0
        D:2 |     101 |       0 |   0.0 |      20 |       0 |   0.0
        D:3 |      60 |     235 |  79.7 |      33 |       1 |   2.9
        D:4 |     281 |       0 |   0.0 |       7 |       0 |   0.0
        D:5 |     302 |     498 |  62.2 |      14 |       8 |  36.4
        D:6 |     493 |       0 |   0.0 |      16 |       0 |   0.0
        D:7 |     856 |       0 |   0.0 |      18 |       0 |   0.0
        D:8 |     748 |     994 |  57.1 |      13 |       5 |  27.8
        D:9 |    1694 |       0 |   0.0 |      29 |       0 |   0.0
       D:10 |    2440 |       0 |   0.0 |      18 |       0 |   0.0
       D:11 |    5814 |    1610 |  21.7 |      54 |       3 |   5.3
       D:12 |    2714 |    6532 |  70.6 |      21 |      11 |  34.4
       D:13 |    9402 |    2974 |  24.0 |      44 |       5 |  10.2
       D:14 |    8187 |    4317 |  34.5 |      30 |      16 |  34.8
       D:15 |   14420 |    4538 |  23.9 |      42 |       6 |  12.5
     Lair:1 |    4230 |       0 |   0.0 |      18 |       0 |   0.0
     Lair:2 |    2651 |    2422 |  47.7 |      13 |       7 |  35.0
     Lair:3 |    1267 |       0 |   0.0 |       5 |       0 |   0.0
     Lair:4 |    6080 |    7170 |  54.1 |      22 |      20 |  47.6
     Lair:5 |    5725 |    4379 |  43.3 |      26 |      55 |  67.9
     Lair:6 |   16710 |    2845 |  14.5 |      31 |       5 |  13.9
   Shoals:1 |   18534 |    4014 |  17.8 |      36 |       5 |  12.2
   Shoals:2 |   14669 |       0 |   0.0 |      36 |       0 |   0.0
   Shoals:3 |    7955 |    9793 |  55.2 |      20 |       9 |  31.0
   Shoals:4 |   11984 |   25738 |  68.2 |      28 |      49 |  63.6
    Snake:1 |   15897 |     969 |   5.7 |      31 |       9 |  22.5
    Snake:2 |   14134 |       0 |   0.0 |      25 |       0 |   0.0
    Snake:3 |   14971 |    2942 |  16.4 |      35 |       5 |  12.5
    Snake:4 |   25704 |   58553 |  69.5 |      48 |      93 |  66.0
    Slime:1 |    6081 |       0 |   0.0 |      10 |       0 |   0.0
    Slime:2 |    9158 |       0 |   0.0 |      20 |       0 |   0.0
    Slime:3 |    7221 |       0 |   0.0 |       9 |       0 |   0.0
    Slime:4 |   15055 |       0 |   0.0 |      15 |       0 |   0.0
    Slime:5 |   14298 |   31399 |  68.7 |      21 |      13 |  38.2
      Orc:1 |    5517 |       0 |   0.0 |      47 |       0 |   0.0
      Orc:2 |    2875 |   11218 |  79.6 |      35 |      33 |  48.5
      Elf:1 |   12332 |   10069 |  44.9 |      21 |      14 |  40.0
      Elf:2 |   25461 |   29673 |  53.8 |      40 |      39 |  49.4
      Elf:3 |   11661 |   63817 |  84.6 |      20 |      44 |  68.8
   Vaults:1 |   23687 |   33946 |  58.9 |      45 |      37 |  45.1
   Vaults:2 |   37037 |   18183 |  32.9 |      57 |      26 |  31.3
   Vaults:3 |   53240 |   26040 |  32.8 |      78 |      33 |  29.7
   Vaults:4 |   55913 |   28959 |  34.1 |      82 |      38 |  31.7
   Vaults:5 |   29456 |  127330 |  81.2 |      44 |      95 |  68.3
    Crypt:1 |   19103 |    3999 |  17.3 |      31 |       1 |   3.1
    Crypt:2 |   31918 |    1933 |   5.7 |      41 |       1 |   2.4
    Crypt:3 |   26461 |   40940 |  60.7 |      37 |      68 |  64.8
     Tomb:1 |    4266 |   46897 |  91.7 |      15 |      33 |  68.8
     Tomb:2 |    2832 |   19215 |  87.2 |       4 |      21 |  84.0
     Tomb:3 |    4750 |  106798 |  95.7 |      23 |      83 |  78.3
   Depths:1 |   46776 |   21223 |  31.2 |      61 |      45 |  42.5
   Depths:2 |   49460 |   64728 |  56.7 |      55 |      38 |  40.9
   Depths:3 |    2056 |  109001 |  98.1 |       3 |     119 |  97.5
   Depths:4 |   27059 |   20574 |  43.2 |      32 |      12 |  27.3
   Depths:5 |   56397 |   52212 |  48.1 |      62 |      36 |  36.7
       Hell |   17036 |   31148 |  64.6 |      20 |      44 |  68.8
      Dis:1 |   29384 |       0 |   0.0 |      55 |       0 |   0.0
      Dis:2 |    7975 |       0 |   0.0 |      14 |       0 |   0.0
      Dis:3 |    1342 |       0 |   0.0 |       1 |       0 |   0.0
      Dis:6 |    2957 |       0 |   0.0 |      10 |       0 |   0.0
      Dis:7 |   53468 |   42667 |  44.4 |      66 |      33 |  33.3
      Geh:1 |   76084 |       0 |   0.0 |     114 |       0 |   0.0
      Geh:2 |   48634 |       0 |   0.0 |      86 |       0 |   0.0
      Geh:3 |     650 |       0 |   0.0 |       2 |       0 |   0.0
      Geh:4 |    3170 |       0 |   0.0 |      13 |       0 |   0.0
      Geh:6 |   49798 |       0 |   0.0 |      69 |       0 |   0.0
      Geh:7 |  127142 |   58607 |  31.6 |     153 |      36 |  19.0
      Coc:1 |   19135 |       0 |   0.0 |      39 |       0 |   0.0
      Coc:2 |   11486 |       0 |   0.0 |      24 |       0 |   0.0
      Coc:3 |   35856 |       0 |   0.0 |      29 |       0 |   0.0
      Coc:4 |    5340 |       0 |   0.0 |      11 |       0 |   0.0
      Coc:5 |   40230 |       0 |   0.0 |      41 |       0 |   0.0
      Coc:6 |   40143 |       0 |   0.0 |      73 |       0 |   0.0
      Coc:7 |  132110 |   61419 |  31.7 |     128 |      28 |  17.9
      Tar:3 |     837 |       0 |   0.0 |       3 |       0 |   0.0
      Tar:5 |    2674 |       0 |   0.0 |       7 |       0 |   0.0
      Tar:6 |     234 |       0 |   0.0 |       2 |       0 |   0.0
      Tar:7 |   39903 |   47412 |  54.3 |      59 |      22 |  27.2
    Abyss:1 |   34199 |       0 |   0.0 |      55 |       0 |   0.0
    Abyss:3 |   73820 |   11516 |  13.5 |     166 |      12 |   6.7
    Volcano |       0 |    4355 | 100.0 |       0 |      17 | 100.0
 Desolation |       0 |   43977 | 100.0 |       0 |      83 | 100.0
   Gauntlet |       0 |    5206 | 100.0 |       0 |      15 | 100.0
            +---------+---------+-------+---------+---------+-------
